Workbook
Name \0: #REF!
Name \00: #REF!
Name \a: #REF!
Name \AA: [1]LIQUIDACION!#REF!
Name \b: [2]STRSUMM0!#REF!
Name \bb: [2]STRSUMM0!#REF!
Name \E: #REF!
Name \EE: #REF!
Name \G: #REF!
Name \k: '[3]7422CW00'!#REF!
Name \l: [4]STRSUMM0!#REF!
Name \M: #REF!
Name \ñ: '[5]7422CW00'!#REF!
Name \P: #REF!
Name \R: #REF!
Name \s: #REF!
Name \V: #REF!
Name \X: [0]!ERR
Name \X: 'FACTOR PRESTACIONAL'!ERR
Name \X: PMT!ERR
Name \X: 'Presupuesto PAGA'!ERR
Name \X: [0]!ERR
Name \Z: [0]!ERR
Name \Z: 'FACTOR PRESTACIONAL'!ERR
Name \Z: PMT!ERR
Name \Z: 'Presupuesto PAGA'!ERR
Name \Z: [0]!ERR
Name _________AFC1: [6]INV!$A$25:$D$28
Name _________AFC3: [6]INV!$F$25:$I$28
Name _________AFC5: [6]INV!$K$25:$N$28
Name _________BGC1: [6]INV!$A$5:$D$8
Name _________BGC3: [6]INV!$F$5:$I$8
Name _________BGC5: [6]INV!$K$5:$N$8
Name _________CAC1: [6]INV!$A$19:$D$22
Name _________CAC3: [6]INV!$F$19:$I$22
Name _________CAC5: [6]INV!$K$19:$N$22
Name _________PJ50: #REF!
Name _________SBC1: [6]INV!$A$12:$D$15
Name _________SBC3: [6]INV!$F$12:$I$15
Name _________SBC5: [6]INV!$K$12:$N$15
Name ________AFC1: [6]INV!$A$25:$D$28
Name ________AFC3: [6]INV!$F$25:$I$28
Name ________AFC5: [6]INV!$K$25:$N$28
Name ________BGC1: [6]INV!$A$5:$D$8
Name ________BGC3: [6]INV!$F$5:$I$8
Name ________BGC5: [6]INV!$K$5:$N$8
Name ________CAC1: [6]INV!$A$19:$D$22
Name ________CAC3: [6]INV!$F$19:$I$22
Name ________CAC5: [6]INV!$K$19:$N$22
Name ________MA2: #REF!
Name ________PJ50: #REF!
Name ________SBC1: [6]INV!$A$12:$D$15
Name ________SBC3: [6]INV!$F$12:$I$15
Name ________SBC5: [6]INV!$K$12:$N$15
Name _______AFC1: [6]INV!$A$25:$D$28
Name _______AFC3: [6]INV!$F$25:$I$28
Name _______AFC5: [6]INV!$K$25:$N$28
Name _______BGC1: [6]INV!$A$5:$D$8
Name _______BGC3: [6]INV!$F$5:$I$8
Name _______BGC5: [6]INV!$K$5:$N$8

Sheet PMT
A4: PROY.: | B4: =+A.I.U!D7 -> PAVIMENTACION DE LA CALLE 6 ENTRE CARRERAS 9 Y 10 INCLUYE LA CONSTRUCCION DE REDES DE ALCANTARILLADO
A8: ITEM | B8: DESCRIPCION | C8: FUENTE | D8: UNIDAD | E8: DEDICACIÓN | F8: CANT | G8: VR UNITARIO | H8: VR TOTAL
AJ9: =+AY462 -> SERVICIOS | AO9: =+AY463 -> OBRA PUBLICA
A10: 1 | B10: Preliminares | F10: TIPO | G10: OBRA PUBLICA | AH10: Imprevistos | AI10: Utilidad | AJ10: CD | AK10: IVA | AL10: Admon | AM10: Imprevistos | AN10: Utilidad | AO10: CD | AP10: IVA | AQ10: Admon | AR10: Imprevistos | AS10: Utilidad
A11: =+A10+0.01 -> 1.01 | B11: LOCALIZACIÓN Y REPLANTEO TOPOGRÁFICO | C11: $ Gob | D11: Kilómetro | E11: 2.08 | F11: =1741921 -> 1741921 | G11: =IF(E11>0,ROUND((F11*E11),0),0) -> 3623196 | H11: =IF(G11>0,G11/#REF!,0) -> #REF! | AJ11: =IF(AD11=$AJ$9,E11*F11,0) -> 0 | AO11: =IF(AD11=$AO$9,E11*F11,0) -> 0
A12: =+A11+0.01 -> 1.02 | B12: ROCERIA A CADA LADO DE LA VÍA Y/O ZONAS NECESARIAS PARA BUENA VISIBILIDAD | C12: $ Gob | D12: Hectárea | E12: 0.832 | F12: 318286 | G12: =IF(E12>0,ROUND((F12*E12),0),0) -> 264814 | H12: =IF(G12>0,G12/#REF!,0) -> #REF! | AJ12: =IF(AD12=$AJ$9,E12*F12,0) -> 0 | AO12: =IF(AD12=$AO$9,E12*F12,0) -> 0
A13: =+A12+0.01 -> 1.03 | B13: LIMPIEZA DE ALCANTARILLAS CON DIÁMETRO MENOR O IGUAL A 36", INCLUYE RECTIFICACIÓN DE DESCOLES CON RETIRO DE SOBRANTES Y OBSTÁCULOS ACARREO LIBRE DE 5 km. | C13: $ Gob | D13: Unidad | E13: 8 | F13: 150466 | G13: =IF(E13>0,ROUND((F13*E13),0),0) -> 1203728 | H13: =IF(G13>0,G13/#REF!,0) -> #REF! | AJ13: =IF(AD13=$AJ$9,E13*F13,0) -> 0 | AO13: =IF(AD13=$AO$9,E13*F13,0) -> 0
A14: =+A13+0.01 -> 1.04 | B14: LIMPIEZA DE PONTONES Y BOX-CULVERT, INCLUYE RECTIFICACIÓN DE DESCOLES CON RETIRO DE SOBRANTES Y OBSTÁCULOS, ACARREO LIBRE DE 5 km. | C14: $ Gob | D14: Unidad | E14: 1 | F14: 177024 | G14: =IF(E14>0,ROUND((F14*E14),0),0) -> 177024 | H14: =IF(G14>0,G14/#REF!,0) -> #REF! | AJ14: =IF(AD14=$AJ$9,E14*F14,0) -> 0 | AO14: =IF(AD14=$AO$9,E14*F14,0) -> 0
G15: =IF(E15>0,ROUND((F15*E15),0),0) -> 0 | H15: =IF(G15>0,G15/#REF!,0) -> 0 | AJ15: =IF(AD15=$AJ$9,E15*F15,0) -> 0 | AO15: =IF(AD15=$AO$9,E15*F15,0) -> 0
G16: =IF(E16>0,ROUND((F16*E16),0),0) -> 0 | H16: =IF(G16>0,G16/#REF!,0) -> 0 | AJ16: =IF(AD16=$AJ$9,E16*F16,0) -> 0 | AO16: =IF(AD16=$AO$9,E16*F16,0) -> 0
G17: =IF(E17>0,ROUND((F17*E17),0),0) -> 0 | H17: =IF(G17>0,G17/#REF!,0) -> 0 | AJ17: =IF(AD17=$AJ$9,E17*F17,0) -> 0 | AO17: =IF(AD17=$AO$9,E17*F17,0) -> 0
A18: =+A17+0.01 -> 0.01 | G18: =IF(E18>0,ROUND((F18*E18),0),0) -> 0 | H18: =IF(G18>0,G18/#REF!,0) -> 0 | AJ18: =IF(AD18=$AJ$9,E18*F18,0) -> 0 | AO18: =IF(AD18=$AO$9,E18*F18,0) -> 0
A19: =+A18+0.01 -> 0.02 | G19: =IF(E19>0,ROUND((F19*E19),0),0) -> 0 | H19: =IF(G19>0,G19/#REF!,0) -> 0 | AJ19: =IF(AD19=$AJ$9,E19*F19,0) -> 0 | AO19: =IF(AD19=$AO$9,E19*F19,0) -> 0
A20: =+A19+0.01 -> 0.03 | G20: =IF(E20>0,ROUND((F20*E20),0),0) -> 0 | H20: =IF(G20>0,G20/#REF!,0) -> 0 | AJ20: =IF(AD20=$AJ$9,E20*F20,0) -> 0 | AO20: =IF(AD20=$AO$9,E20*F20,0) -> 0
A21: =+A20+0.01 -> 0.04 | G21: =IF(E21>0,ROUND((F21*E21),0),0) -> 0 | H21: =IF(G21>0,G21/#REF!,0) -> 0 | AJ21: =IF(AD21=$AJ$9,E21*F21,0) -> 0 | AO21: =IF(AD21=$AO$9,E21*F21,0) -> 0
A22: =+A21+0.01 -> 0.05 | G22: =IF(E22>0,ROUND((F22*E22),0),0) -> 0 | H22: =IF(G22>0,G22/#REF!,0) -> 0 | AJ22: =IF(AD22=$AJ$9,E22*F22,0) -> 0 | AO22: =IF(AD22=$AO$9,E22*F22,0) -> 0
A23: =+A22+0.01 -> 0.06 | G23: =IF(E23>0,ROUND((F23*E23),0),0) -> 0 | H23: =IF(G23>0,G23/#REF!,0) -> 0 | AJ23: =IF(AD23=$AJ$9,E23*F23,0) -> 0 | AO23: =IF(AD23=$AO$9,E23*F23,0) -> 0
A24: SUBTOTAL | G24: =SUM(G11:G23) -> 5268762 | H24: =IF(G24>0,G24/#REF!,0) -> #REF! | AH24: =IF(G10=$AE$9,G27,"") | AI24: =IF(G10=$AE$9,G28,"") | AK24: =IF(G10=$AJ$9,G25,"") | AL24: =IF(G10=$AJ$9,G26,"") | AM24: =IF(G10=$AJ$9,G27,"") | AN24: =IF(G10=$AJ$9,G28,"") | AP24: =IF(G10=$AO$9,G25,"") -> 0 | AQ24: =IF(G10=$AO$9,G26,"") -> 1159128 | AR24: =IF(G10=$AO$9,G27,"") -> 158063 | AS24: =IF(G10=$AO$9,G28,"") -> 263438
E25: IVA | F25: 0 | G25: =ROUND(+G24*F25,0) -> 0 | H25: =IF(G25>0,G25/#REF!,0) -> 0
B26: AIU | C26: Administración | E26: =SUM(F26:F28) -> 0.3 | F26: 0.22 | G26: =ROUND(+F26*G24,0) -> 1159128 | H26: =IF(G26>0,G26/#REF!,0) -> #REF!
C27: Imprevistos | F27: 0.03 | G27: =ROUND(+F27*G24,0) -> 158063 | H27: =IF(G27>0,G27/#REF!,0) -> #REF!
C28: Utilidad (incluye IVA/Utilidad) | F28: 0.05 | G28: =ROUND(+F28*G24,0) -> 263438 | H28: =IF(G28>0,G28/#REF!,0) -> #REF!
A29: =CONCATENATE("TOTAL ",B10) -> TOTAL Preliminares | G29: =SUM(G24:G28) -> 6849391 | H29: =IF(G29>0,G29/#REF!,0) -> #REF!
A31: 2 | B31: Explanaciones - | F31: TIPO | G31: OBRA PUBLICA | AH31: Imprevistos | AI31: Utilidad | AJ31: CD | AK31: IVA | AL31: Admon | AM31: Imprevistos | AN31: Utilidad | AO31: CD | AP31: IVA | AQ31: Admon | AR31: Imprevistos | AS31: Utilidad
A32: 2.02 | B32: EXCAVACIONES DE CORTES, CANALES Y PRESTAMOS EN MATERIAL COMUN A MAQUINA INCLUYE CARGUE Y ACARREO LIBRE DE 200 M | C32: $ Gob | D32: Metro Cúbico | E32: 3652 | F32: 6206 | G32: =IF(E32>0,ROUND((F32*E32),0),0) -> 22664312 | H32: =IF(G32>0,G32/#REF!,0) -> #REF! | AJ32: =IF(AD32=$AJ$9,E32*F32,0) -> 0 | AO32: =IF(AD32=$AO$9,E32*F32,0) -> 0
G33: =IF(E33>0,ROUND((F33*E33),0),0) -> 0 | H33: =IF(G33>0,G33/#REF!,0) -> 0 | AJ33: =IF(AD33=$AJ$9,E33*F33,0) -> 0 | AO33: =IF(AD33=$AO$9,E33*F33,0) -> 0
A34: =+A33+0.01 -> 0.01 | G34: =IF(E34>0,ROUND((F34*E34),0),0) -> 0 | H34: =IF(G34>0,G34/#REF!,0) -> 0 | AJ34: =IF(AD34=$AJ$9,E34*F34,0) -> 0 | AO34: =IF(AD34=$AO$9,E34*F34,0) -> 0
A35: =+A34+0.01 -> 0.02 | G35: =IF(E35>0,ROUND((F35*E35),0),0) -> 0 | H35: =IF(G35>0,G35/#REF!,0) -> 0 | AJ35: =IF(AD35=$AJ$9,E35*F35,0) -> 0 | AO35: =IF(AD35=$AO$9,E35*F35,0) -> 0
A36: =+A35+0.01 -> 0.03 | G36: =IF(E36>0,ROUND((F36*E36),0),0) -> 0 | H36: =IF(G36>0,G36/#REF!,0) -> 0 | AJ36: =IF(AD36=$AJ$9,E36*F36,0) -> 0 | AO36: =IF(AD36=$AO$9,E36*F36,0) -> 0
A37: =+A36+0.01 -> 0.04 | G37: =IF(E37>0,ROUND((F37*E37),0),0) -> 0 | H37: =IF(G37>0,G37/#REF!,0) -> 0 | AJ37: =IF(AD37=$AJ$9,E37*F37,0) -> 0 | AO37: =IF(AD37=$AO$9,E37*F37,0) -> 0
A38: =+A37+0.01 -> 0.05 | G38: =IF(E38>0,ROUND((F38*E38),0),0) -> 0 | H38: =IF(G38>0,G38/#REF!,0) -> 0 | AJ38: =IF(AD38=$AJ$9,E38*F38,0) -> 0 | AO38: =IF(AD38=$AO$9,E38*F38,0) -> 0
A39: =+A38+0.01 -> 0.06 | G39: =IF(E39>0,ROUND((F39*E39),0),0) -> 0 | H39: =IF(G39>0,G39/#REF!,0) -> 0 | AJ39: =IF(AD39=$AJ$9,E39*F39,0) -> 0 | AO39: =IF(AD39=$AO$9,E39*F39,0) -> 0
A40: =+A39+0.01 -> 0.07 | G40: =IF(E40>0,ROUND((F40*E40),0),0) -> 0 | H40: =IF(G40>0,G40/#REF!,0) -> 0 | AJ40: =IF(AD40=$AJ$9,E40*F40,0) -> 0 | AO40: =IF(AD40=$AO$9,E40*F40,0) -> 0
A41: SUBTOTAL | G41: =SUM(G32:G40) -> 22664312 | H41: =IF(G41>0,G41/#REF!,0) -> #REF! | AH41: =IF(G31=$AE$9,G44,"") | AI41: =IF(G31=$AE$9,G45,"") | AK41: =IF(G31=$AJ$9,G42,"") | AL41: =IF(G31=$AJ$9,G43,"") | AM41: =IF(G31=$AJ$9,G44,"") | AN41: =IF(G31=$AJ$9,G45,"") | AP41: =IF(G31=$AO$9,G42,"") -> 0 | AQ41: =IF(G31=$AO$9,G43,"") -> 4986149 | AR41: =IF(G31=$AO$9,G44,"") -> 679929 | AS41: =IF(G31=$AO$9,G45,"") -> 1133216
E42: IVA | F42: 0 | G42: =ROUND(+G41*F42,0) -> 0 | H42: =IF(G42>0,G42/#REF!,0) -> 0
B43: AIU | C43: Administración | E43: =SUM(F43:F45) -> 0.3 | F43: 0.22 | G43: =ROUND(+F43*G41,0) -> 4986149 | H43: =IF(G43>0,G43/#REF!,0) -> #REF!
C44: Imprevistos | F44: 0.03 | G44: =ROUND(+F44*G41,0) -> 679929 | H44: =IF(G44>0,G44/#REF!,0) -> #REF!
C45: Utilidad (incluye IVA/Utilidad) | F45: 0.05 | G45: =ROUND(+F45*G41,0) -> 1133216 | H45: =IF(G45>0,G45/#REF!,0) -> #REF!
A46: =CONCATENATE("TOTAL ",B31) -> TOTAL Explanaciones - | G46: =SUM(G41:G45) -> 29463606 | H46: =IF(G46>0,G46/#REF!,0) -> #REF!
A49: 3 | B49: Afirmado - Rasante vía | F49: TIPO | G49: OBRA PUBLICA | AH49: Imprevistos | AI49: Utilidad | AJ49: CD | AK49: IVA | AL49: Admon | AM49: Imprevistos | AN49: Utilidad | AO49: CD | AP49: IVA | AQ49: Admon | AR49: Imprevistos | AS49: Utilidad
A50: =+A49+0.01 -> 3.01 | B50: SUMINISTRO, EXTENDIDA Y COMPACTACION MECANICA DE MATERIAL GRANULAR (RECEBO) HASTA UN DIAMETRO DE 5" Y UN INDICE PLASTICO MENOR O IGUAL A 9% Y COMPACTO 95% PROCTOR (**) | C50: $ Gob | D50: Metro Cúbico | E50: 1019 | F50: 32835 | G50: =IF(E50>0,ROUND((F50*E50),0),0) -> 33458865 | H50: =IF(G50>0,G50/#REF!,0) -> #REF! | AJ50: =IF(AD50=$AJ$9,E50*F50,0) -> 0 | AO50: =IF(AD50=$AO$9,E50*F50,0) -> 0
A51: =+A50+0.01 -> 3.02 | G51: =IF(E51>0,ROUND((F51*E51),0),0) -> 0 | H51: =IF(G51>0,G51/#REF!,0) -> 0 | AJ51: =IF(AD51=$AJ$9,E51*F51,0) -> 0 | AO51: =IF(AD51=$AO$9,E51*F51,0) -> 0
A52: =+A51+0.01 -> 3.03 | G52: =IF(E52>0,ROUND((F52*E52),0),0) -> 0 | H52: =IF(G52>0,G52/#REF!,0) -> 0 | AJ52: =IF(AD52=$AJ$9,E52*F52,0) -> 0 | AO52: =IF(AD52=$AO$9,E52*F52,0) -> 0
A53: =+A52+0.01 -> 3.04 | G53: =IF(E53>0,ROUND((F53*E53),0),0) -> 0 | H53: =IF(G53>0,G53/#REF!,0) -> 0 | AJ53: =IF(AD53=$AJ$9,E53*F53,0) -> 0 | AO53: =IF(AD53=$AO$9,E53*F53,0) -> 0
A54: =+A53+0.01 -> 3.05 | G54: =IF(E54>0,ROUND((F54*E54),0),0) -> 0 | H54: =IF(G54>0,G54/#REF!,0) -> 0 | AJ54: =IF(AD54=$AJ$9,E54*F54,0) -> 0 | AO54: =IF(AD54=$AO$9,E54*F54,0) -> 0
A55: =+A54+0.01 -> 3.06 | G55: =IF(E55>0,ROUND((F55*E55),0),0) -> 0 | H55: =IF(G55>0,G55/#REF!,0) -> 0 | AJ55: =IF(AD55=$AJ$9,E55*F55,0) -> 0 | AO55: =IF(AD55=$AO$9,E55*F55,0) -> 0
A56: =+A55+0.01 -> 3.07 | G56: =IF(E56>0,ROUND((F56*E56),0),0) -> 0 | H56: =IF(G56>0,G56/#REF!,0) -> 0 | AJ56: =IF(AD56=$AJ$9,E56*F56,0) -> 0 | AO56: =IF(AD56=$AO$9,E56*F56,0) -> 0
A57: =+A56+0.01 -> 3.08 | G57: =IF(E57>0,ROUND((F57*E57),0),0) -> 0 | H57: =IF(G57>0,G57/#REF!,0) -> 0 | AJ57: =IF(AD57=$AJ$9,E57*F57,0) -> 0 | AO57: =IF(AD57=$AO$9,E57*F57,0) -> 0
A58: SUBTOTAL | G58: =SUM(G50:G57) -> 33458865 | H58: =IF(G58>0,G58/#REF!,0) -> #REF! | AH58: =IF(G49=$AE$9,G61,"") | AI58: =IF(G49=$AE$9,G62,"") | AK58: =IF(G49=$AJ$9,G59,"") | AL58: =IF(G49=$AJ$9,G60,"") | AM58: =IF(G49=$AJ$9,G61,"") | AN58: =IF(G49=$AJ$9,G62,"") | AP58: =IF(G49=$AO$9,G59,"") -> 0 | AQ58: =IF(G49=$AO$9,G60,"") -> 7360950 | AR58: =IF(G49=$AO$9,G61,"") -> 1003766 | AS58: =IF(G49=$AO$9,G62,"") -> 1672943
E59: IVA | F59: 0 | G59: =ROUND(+G58*F59,0) -> 0 | H59: =IF(G59>0,G59/#REF!,0) -> 0
B60: AIU | C60: Administración | E60: =SUM(F60:F62) -> 0.3 | F60: 0.22 | G60: =ROUND(+F60*G58,0) -> 7360950 | H60: =IF(G60>0,G60/#REF!,0) -> #REF!
C61: Imprevistos | F61: 0.03 | G61: =ROUND(+F61*G58,0) -> 1003766 | H61: =IF(G61>0,G61/#REF!,0) -> #REF!
C62: Utilidad (incluye IVA/Utilidad) | F62: 0.05 | G62: =ROUND(+F62*G58,0) -> 1672943 | H62: =IF(G62>0,G62/#REF!,0) -> #REF!
A63: =CONCATENATE("TOTAL ",B49) -> TOTAL Afirmado - Rasante vía | G63: =SUM(G58:G62) -> 43496524 | H63: =IF(G63>0,G63/#REF!,0) -> #REF!
A65: 4 | B65: Pavimentacion - Afirmado estructura de paviemnto | F65: TIPO | G65: OBRA PUBLICA | AH65: Imprevistos | AI65: Utilidad | AJ65: CD | AK65: IVA | AL65: Admon | AM65: Imprevistos | AN65: Utilidad | AO65: CD | AP65: IVA | AQ65: Admon | AR65: Imprevistos | AS65: Utilidad
G66: =IF(E66>0,ROUND((F66*E66),0),0) -> 0 | H66: =IF(G66>0,G66/#REF!,0) -> 0 | AJ66: =IF(AD66=$AJ$9,E66*F66,0) -> 0 | AO66: =IF(AD66=$AO$9,E66*F66,0) -> 0
A67: =+A65+0.01 -> 4.01 | B67: SUMINISTRO, EXTENDIDA Y COMPACTACION MECANICA DE MATERIAL GRANULAR (RECEBO) HASTA UN DIAMETRO DE 5" Y UN INDICE PLASTICO MENOR O IGUAL A 9% Y COMPACTO 95% PROCTOR (**) | C67: $ Gob | D67: Metro Cúbico | E67: 2345 | F67: 32835 | G67: =IF(E67>0,ROUND((F67*E67),0),0) -> 76998075 | H67: =IF(G67>0,G67/#REF!,0) -> #REF! | AJ67: =IF(AD67=$AJ$9,E67*F67,0) -> 0 | AO67: =IF(AD67=$AO$9,E67*F67,0) -> 0
G68: =IF(E68>0,ROUND((F68*E68),0),0) -> 0 | H68: =IF(G68>0,G68/#REF!,0) -> 0 | AJ68: =IF(AD68=$AJ$9,E68*F68,0) -> 0 | AO68: =IF(AD68=$AO$9,E68*F68,0) -> 0
G69: =IF(E69>0,ROUND((F69*E69),0),0) -> 0 | H69: =IF(G69>0,G69/#REF!,0) -> 0 | AJ69: =IF(AD69=$AJ$9,E69*F69,0) -> 0 | AO69: =IF(AD69=$AO$9,E69*F69,0) -> 0
A70: SUBTOTAL | G70: =SUM(G66:G69) -> 76998075 | H70: =IF(G70>0,G70/#REF!,0) -> #REF! | AH70: =IF(G65=$AE$9,G73,"") | AI70: =IF(G65=$AE$9,G74,"") | AK70: =IF(G65=$AJ$9,G71,"") | AL70: =IF(G65=$AJ$9,G72,"") | AM70: =IF(G65=$AJ$9,G73,"") | AN70: =IF(G65=$AJ$9,G74,"") | AP70: =IF(G65=$AO$9,G71,"") -> 0 | AQ70: =IF(G65=$AO$9,G72,"") -> 16939577 | AR70: =IF(G65=$AO$9,G73,"") -> 2309942 | AS70: =IF(G65=$AO$9,G74,"") -> 3849904
E71: IVA | F71: 0 | G71: =ROUND(+G70*F71,0) -> 0 | H71: =IF(G71>0,G71/#REF!,0) -> 0
B72: AIU | C72: Administración | E72: =SUM(F72:F74) -> 0.3 | F72: 0.22 | G72: =ROUND(+F72*G70,0) -> 16939577 | H72: =IF(G72>0,G72/#REF!,0) -> #REF!
C73: Imprevistos | F73: 0.03 | G73: =ROUND(+F73*G70,0) -> 2309942 | H73: =IF(G73>0,G73/#REF!,0) -> #REF!
C74: Utilidad (incluye IVA/Utilidad) | F74: 0.05 | G74: =ROUND(+F74*G70,0) -> 3849904 | H74: =IF(G74>0,G74/#REF!,0) -> #REF!
A75: =CONCATENATE("TOTAL ",B65) -> TOTAL Pavimentacion - Afirmado estructura de paviemnto | G75: =SUM(G70:G74) -> 100097498 | H75: =IF(G75>0,G75/#REF!,0) -> #REF!
A77: 5 | B77: Pavimentación - Pavimento Placa huella | F77: TIPO | G77: OBRA PUBLICA | AH77: Imprevistos | AI77: Utilidad | AJ77: CD | AK77: IVA | AL77: Admon | AM77: Imprevistos | AN77: Utilidad | AO77: CD | AP77: IVA | AQ77: Admon | AR77: Imprevistos | AS77: Utilidad
A78: 5.01 | B78: CONCRETO CICLOPEO 21 Mpa (3000 PSI) RELACION 40 C / 60 P | C78: $ Gob | D78: Metro Cúbico | E78: 752 | F78: =214500*1.1 -> 235950 | G78: =IF(E78>0,ROUND((F78*E78),0),0) -> 177434400 | H78: =IF(G78>0,G78/#REF!,0) -> #REF! | AJ78: =IF(AD78=$AJ$9,E78*F78,0) -> 0 | AO78: =IF(AD78=$AO$9,E78*F78,0) -> 0
A79: =+A78+0.01 -> 5.02 | B79: CONCRETO PARA PAVIMENTO RIGIDO 24.5 MPa - (3500 PSI), INCLUYE JUNTA EN ASFALTO | C79: $ Gob | D79: Metro Cúbico | E79: 518 | F79: =409022*1.1 -> 449924.2 | G79: =IF(E79>0,ROUND((F79*E79),0),0) -> 233060736 | H79: =IF(G79>0,G79/#REF!,0) -> #REF! | AJ79: =IF(AD79=$AJ$9,E79*F79,0) -> 0 | AO79: =IF(AD79=$AO$9,E79*F79,0) -> 0
A80: =+A79+0.01 -> 5.03 | B80: SUMINISTRO FIGURADA Y AMARRE DE ACERO 60000 PSI 420 Mpa | C80: $ Gob | D80: Metro Cúbico | E80: 39780 | F80: =2956*1.1 -> 3251.6 | G80: =IF(E80>0,ROUND((F80*E80),0),0) -> 129348648 | H80: =IF(G80>0,G80/#REF!,0) -> #REF! | AJ80: =IF(AD80=$AJ$9,E80*F80,0) -> 0 | AO80: =IF(AD80=$AO$9,E80*F80,0) -> 0
A81: =+A79+0.01 -> 5.03 | B81: CUNETAS REVESTIDAS EN CONCRETO DE 21 MPa - (3000 PSI) NO INCLUYE REFUERZO | C81: $ Gob | D81: Metro Cúbico | E81: 520 | F81: =377346*1.1 -> 415080.6 | G81: =IF(E81>0,ROUND((F81*E81),0),0) -> 215841912 | H81: =IF(G81>0,G81/#REF!,0) -> #REF! | AJ81: =IF(AD81=$AJ$9,E81*F81,0) -> 0 | AO81: =IF(AD81=$AO$9,E81*F81,0) -> 0
A82: SUBTOTAL | G82: =SUM(G78:G81) -> 755685696 | H82: =IF(G82>0,G82/#REF!,0) -> #REF! | AH82: =IF(G77=$AE$9,G85,"") | AI82: =IF(G77=$AE$9,G86,"") | AK82: =IF(G77=$AJ$9,G83,"") | AL82: =IF(G77=$AJ$9,G84,"") | AM82: =IF(G77=$AJ$9,G85,"") | AN82: =IF(G77=$AJ$9,G86,"") | AP82: =IF(G77=$AO$9,G83,"") -> 0 | AQ82: =IF(G77=$AO$9,G84,"") -> 166250853 | AR82: =IF(G77=$AO$9,G85,"") -> 22670571 | AS82: =IF(G77=$AO$9,G86,"") -> 37784285
E83: IVA | F83: 0 | G83: =ROUND(+G82*F83,0) -> 0 | H83: =IF(G83>0,G83/#REF!,0) -> 0
B84: AIU | C84: Administración | E84: =SUM(F84:F86) -> 0.3 | F84: 0.22 | G84: =ROUND(+F84*G82,0) -> 166250853 | H84: =IF(G84>0,G84/#REF!,0) -> #REF!
C85: Imprevistos | F85: 0.03 | G85: =ROUND(+F85*G82,0) -> 22670571 | H85: =IF(G85>0,G85/#REF!,0) -> #REF!
C86: Utilidad (incluye IVA/Utilidad) | F86: 0.05 | G86: =ROUND(+F86*G82,0) -> 37784285 | H86: =IF(G86>0,G86/#REF!,0) -> #REF!
A87: =CONCATENATE("TOTAL ",B77) -> TOTAL Pavimentación - Pavimento Placa huella | G87: =SUM(G82:G86) -> 982391405 | H87: =IF(G87>0,G87/#REF!,0) -> #REF!
A89: 6 | B89: Obras de Contención | F89: TIPO | G89: OBRA PUBLICA | AH89: Imprevistos | AI89: Utilidad | AJ89: CD | AK89: IVA | AL89: Admon | AM89: Imprevistos | AN89: Utilidad | AO89: CD | AP89: IVA | AQ89: Admon | AR89: Imprevistos | AS89: Utilidad
A90: =+A89+0.01 -> 6.01 | B90: EXCAVACIONES VARIAS EN MATERIAL COMUN EN SECO | C90: $ Gob | D90: Metro Cúbico | E90: 215 | F90: 8717 | G90: =IF(E90>0,ROUND((F90*E90),0),0) -> 1874155 | H90: =IF(G90>0,G90/#REF!,0) -> #REF! | AJ90: =IF(AD90=$AJ$9,E90*F90,0) -> 0 | AO90: =IF(AD90=$AO$9,E90*F90,0) -> 0
A91: =+A90+0.01 -> 6.02 | B91: CONFORMACIÓN DE BOTADEROS O ESCOMBRERAS | C91: $ Gob | D91: Metro Cúbico | E91: 3867 | F91: 2273 | G91: =IF(E91>0,ROUND((F91*E91),0),0) -> 8789691 | H91: =IF(G91>0,G91/#REF!,0) -> #REF! | AJ91: =IF(AD91=$AJ$9,E91*F91,0) -> 0 | AO91: =IF(AD91=$AO$9,E91*F91,0) -> 0
A92: =+A91+0.01 -> 6.03 | B92: CONSTRUCCIÓN DE FILTROS A CUALQUIER PROFUNDIDAD, CON MATERIAL FILTRANTE (GRAVAS Y RAJÓN SELECCIONADOS POR TAMAÑOS) , SIN EXCAVACIÓN, INCLUYE GEOTEXTIL NT 2000 | C92: $ Gob | D92: Metro lineal | E92: 39 | F92: =154859+(154859*10%) -> 170344.9 | G92: =IF(E92>0,ROUND((F92*E92),0),0) -> 6643451 | H92: =IF(G92>0,G92/#REF!,0) -> #REF! | AJ92: =IF(AD92=$AJ$9,E92*F92,0) -> 0 | AO92: =IF(AD92=$AO$9,E92*F92,0) -> 0
A93: =+A92+0.01 -> 6.04 | B93: GEOTEXTIL NT 2000 PARA SEPARACION SUBRASANTE/CAPAS GRANULARES Y/O SUBDRENES/FILTROS (INCLUYE SUMINISTRO E INSTALACION) | C93: $ Gob | D93: Metro Cuadrado | E93: 384 | F93: =6198+(6198*10%) -> 6817.8 | G93: =IF(E93>0,ROUND((F93*E93),0),0) -> 2618035 | H93: =IF(G93>0,G93/#REF!,0) -> #REF! | AJ93: =IF(AD93=$AJ$9,E93*F93,0) -> 0 | AO93: =IF(AD93=$AO$9,E93*F93,0) -> 0
A94: =+A93+0.01 -> 6.05 | B94: TUBERIA PVC 4" DRENAJE SIN FILTRO | C94: $ Gob | D94: Metro lineal | E94: 65 | F94: =24326+(24326*10%) -> 26758.6 | G94: =IF(E94>0,ROUND((F94*E94),0),0) -> 1739309 | H94: =IF(G94>0,G94/#REF!,0) -> #REF! | AJ94: =IF(AD94=$AJ$9,E94*F94,0) -> 0 | AO94: =IF(AD94=$AO$9,E94*F94,0) -> 0
A95: =+A94+0.01 -> 6.06 | B95: CONSTRUCCION DE MUROS EN GAVIONES, INCLUYE MALLA ESLABONADA TRIPLE TORSION CAL. 12 | C95: $ Gob | D95: Metro Cúbico | E95: 430 | F95: =134508+(134508*10%) -> 147958.8 | G95: =IF(E95>0,ROUND((F95*E95),0),0) -> 63622284 | H95: =IF(G95>0,G95/#REF!,0) -> #REF! | AJ95: =IF(AD95=$AJ$9,E95*F95,0) -> 0 | AO95: =IF(AD95=$AO$9,E95*F95,0) -> 0
A96: =+A95+0.01 -> 6.07 | G96: =IF(E96>0,ROUND((F96*E96),0),0) -> 0 | H96: =IF(G96>0,G96/#REF!,0) -> 0 | AJ96: =IF(AD96=$AJ$9,E96*F96,0) -> 0 | AO96: =IF(AD96=$AO$9,E96*F96,0) -> 0
A97: =+A96+0.01 -> 6.08 | G97: =IF(E97>0,ROUND((F97*E97),0),0) -> 0 | H97: =IF(G97>0,G97/#REF!,0) -> 0 | AJ97: =IF(AD97=$AJ$9,E97*F97,0) -> 0 | AO97: =IF(AD97=$AO$9,E97*F97,0) -> 0
A98: =+A97+0.01 -> 6.09 | G98: =IF(E98>0,ROUND((F98*E98),0),0) -> 0 | H98: =IF(G98>0,G98/#REF!,0) -> 0 | AJ98: =IF(AD98=$AJ$9,E98*F98,0) -> 0 | AO98: =IF(AD98=$AO$9,E98*F98,0) -> 0
A99: =+A98+0.01 -> 6.1 | G99: =IF(E99>0,ROUND((F99*E99),0),0) -> 0 | H99: =IF(G99>0,G99/#REF!,0) -> 0 | AJ99: =IF(AD99=$AJ$9,E99*F99,0) -> 0 | AO99: =IF(AD99=$AO$9,E99*F99,0) -> 0
A100: =+A99+0.01 -> 6.11 | G100: =IF(E100>0,ROUND((F100*E100),0),0) -> 0 | H100: =IF(G100>0,G100/#REF!,0) -> 0 | AJ100: =IF(AD100=$AJ$9,E100*F100,0) -> 0 | AO100: =IF(AD100=$AO$9,E100*F100,0) -> 0 | AP100: =IF(G97=$AO$9,G101,"") | AQ100: =IF(G97=$AO$9,G102,"") | AR100: =IF(G97=$AO$9,G103,"") | AS100: =IF(G97=$AO$9,G104,"")
A101: SUBTOTAL | G101: =SUM(G90:G100) -> 85286925 | H101: =IF(G101>0,G101/#REF!,0) -> #REF! | AP101: =IF(G98=$AO$9,G102,"") | AQ101: =IF(G98=$AO$9,G103,"") | AR101: =IF(G98=$AO$9,G104,"") | AS101: =IF(G98=$AO$9,G105,"")
E102: IVA | F102: 0 | G102: =ROUND(+G101*F102,0) -> 0 | H102: =IF(G102>0,G102/#REF!,0) -> 0 | AP102: =IF(G99=$AO$9,G103,"") | AQ102: =G103 -> 18763124 | AR102: =G104 -> 2558608 | AS102: =G105 -> 4264346
B103: AIU | C103: Administración | E103: =SUM(F103:F105) -> 0.3 | F103: 0.22 | G103: =ROUND(+F103*G101,0) -> 18763124 | H103: =IF(G103>0,G103/#REF!,0) -> #REF!
C104: Imprevistos | F104: 0.03 | G104: =ROUND(+F104*G101,0) -> 2558608 | H104: =IF(G104>0,G104/#REF!,0) -> #REF!
C105: Utilidad (incluye IVA/Utilidad) | F105: 0.05 | G105: =ROUND(+F105*G101,0) -> 4264346 | H105: =IF(G105>0,G105/#REF!,0) -> #REF!
A106: =CONCATENATE("TOTAL ",B89) -> TOTAL Obras de Contención | G106: =SUM(G101:G105) -> 110873003 | H106: =IF(G106>0,G106/#REF!,0) -> #REF!
A108: 7 | B108: Señalizacion y demarcacion - | F108: TIPO | G108: OBRA PUBLICA | AH108: Imprevistos | AI108: Utilidad | AJ108: CD | AK108: IVA | AL108: Admon | AM108: Imprevistos | AN108: Utilidad | AO108: CD | AP108: IVA | AQ108: Admon | AR108: Imprevistos | AS108: Utilidad
A109: =+A108+0.01 -> 7.01 | B109: SUMINISTRO E INSTALACIÓN SEÑAL VIAL REGLAMENTARIA, DIÁMETRO 75 cm. SEGÚN NORMA INVIAS | C109: $ Gob | D109: Unidad | E109: 15 | F109: =225000+(225000*10%) -> 247500 | G109: =IF(E109>0,ROUND((F109*E109),0),0) -> 3712500 | H109: =IF(G109>0,G109/#REF!,0) -> #REF! | AJ109: =IF(AD109=$AJ$9,E109*F109,0) -> 0 | AO109: =IF(AD109=$AO$9,E109*F109,0) -> 0
A110: =+A109+0.01 -> 7.02 | B110: SUMINISTRO E INSTALACIÓN SEÑAL VIAL PREVENTIVA, TAMAÑO 75*75 cm. SEGÚN NORMA INVIAS | C110: $ Gob | D110: Unidad | E110: 15 | F110: =225000+(225000*10%) -> 247500 | G110: =IF(E110>0,ROUND((F110*E110),0),0) -> 3712500 | H110: =IF(G110>0,G110/#REF!,0) -> #REF! | AJ110: =IF(AD110=$AJ$9,E110*F110,0) -> 0 | AO110: =IF(AD110=$AO$9,E110*F110,0) -> 0
A111: =+A110+0.01 -> 7.03 | B111: SUMINISTRO E INSTALACIÓN SEÑAL VIAL INFORMATIVA, TAMAÑO 2m x 50 cm con soporte en H SEGÚN NORMA INVIAS | C111: $ Gob | D111: Unidad | E111: 4 | F111: =385000+(385000*10%) -> 423500 | G111: =IF(E111>0,ROUND((F111*E111),0),0) -> 1694000 | H111: =IF(G111>0,G111/#REF!,0) -> #REF! | AJ111: =IF(AD111=$AJ$9,E111*F111,0) -> 0 | AO111: =IF(AD111=$AO$9,E111*F111,0) -> 0
A112: =+A111+0.01 -> 7.04 | B112: SUMINISTRO E INSTALACIÓN DE DELÍNEADORES DE CURVA HORIZONTAL DE TAMAÑO 40*50 cm. SEGÚN NORMA INVIAS | C112: $ Gob | D112: Unidad | E112: 120 | F112: =174000+(174000*10%) -> 191400 | G112: =IF(E112>0,ROUND((F112*E112),0),0) -> 22968000 | H112: =IF(G112>0,G112/#REF!,0) -> #REF! | AJ112: =IF(AD112=$AJ$9,E112*F112,0) -> 0 | AO112: =IF(AD112=$AO$9,E112*F112,0) -> 0
A113: =+A112+0.01 -> 7.05 | B113: SUMINISTRO E INSTALACIÓN DE DEFENSAS VIALES TRAMO RECTO DE 3.81 m, CAL. 12. 2 POSTES DE 1.50 m. Y TERMINALES INCLUYENDO TORNILLERIA, CAPTA- FAROS EN LAMINA GALVANIZADA CAL. 22 EN CINTA REFLECTIVA GRAD. INGENIERÍA SEGÚN NORMA INVIAS | C113: $ Gob | D113: Metro lineal | E113: 100 | F113: =141017+(141017*10%) -> 155118.7 | G113: =IF(E113>0,ROUND((F113*E113),0),0) -> 15511870 | H113: =IF(G113>0,G113/#REF!,0) -> #REF! | AJ113: =IF(AD113=$AJ$9,E113*F113,0) -> 0 | AO113: =IF(AD113=$AO$9,E113*F113,0) -> 0
...

Sheet Presupuesto PAGA
A1: PLAN DE ADAPTACION A LA GUIA AMBIENTAL
A2: 1. PROGRAMA ACTIVIDADES CONSTRUCTIVAS
A3: ITEM | B3: DESCRIPCION | F3: UND | G3: COSTO UNITARIO | H3: CANTIDAD | I3: CASTO PARCIAL
A4: 1.1 | B4: Fotocopias, impresión de informes y registro fotográfico | F4: GLB | G4: 100000 | H4: 1 | I4: =G4*H4 -> 100000
A5: 1.3 | B5: Bolsas de tipo industrial | F5: und | G5: 1000 | H5: 20 | I5: =G5*H5 -> 20000
A6: 1.4 | B6: Parales para cinta | F6: und | G6: 18400 | H6: 4 | I6: =G6*H6 -> 73600
A7: 1.5 | B7: Senales informativas (de seguridad, rutas e instrucciones de evacuacion-3 por tramo) | F7: und | G7: 74000 | H7: 4 | I7: =G7*H7 -> 296000
A8: 1.6 | B8: Senales reglamentarias (material y/o equipo relacionado con prevencion y/o combate | F8: und | G8: 70000 | H8: 3 | I8: =G8*H8 -> 210000
A9: 1.7 | B9: Senales preventivas (amarillo, precaucion de riesgo) | F9: und | G9: 70000 | H9: 4 | I9: =G9*H9 -> 280000
A10: 1.8 | B10: Punto ecologico | F10: und | G10: 370000 | H10: 1 | I10: =G10*H10 -> 370000
A11: SUBTOTAL | I11: =SUM(I4:I10) -> 1349600
A12: ITEM GOBER | B12: DESCRIPCIÓN | D12: CANT | E12: TIEMPO | F12: PRESTAC. | G12: % DISPONIB | H12: BÁSICO | I12: VALOR TOTAL
A13: 5.01.12 | B13: ESPECIALISTA AMBIENTAL (INCLUYE SALARIO BASE + FACTOR PRESTACIONAL DEL 72.81%) | D13: 1 | E13: =+A.I.U!K8 -> 2 | F13: =+A.I.U!H14 -> 1.3946 | G13: 0.5 | H13: 2500000 | I13: =+E13*G13*H13 -> 2500000
A15: *El residente ambiental deberá garantizar el cumplimiento de las siguientes medidas; Medidas de manejo de materiales pétreos:
A16: •Ubicar sólo el volumen de material requerido para una o dos jornadas laborales
A17: •Los materiales o residuos de construcción no utilizados en las obras deben ser retirados del frente de obra. Medidas de manejo para concreto
A18: • El cemento en sacos debe ser almacenado en sitios secos y aislados del suelo, estos acopios no deben superar los siete metros (7) de altura.
A19: •Es necesario que el equipo de fabricación o mezclado, esté en buenas condiciones técnicas con el fin de evitar accidentes o derrames que puedan afectar los recursos naturales o el medio ambiente.
A20: •Es necesario que el equipo de fabricación o mezclado, esté en buenas condiciones técnicas con el fin de evitar accidentes o derrames que puedan afectar los recursos naturales o el medio ambiente.
A21: •Está prohibido el lavado de mezcladoras de concreto en los frentes de obra o en cuerpos de agua. Medidas para el manejo de prefabricados
A22: •Los prefabricados y tubería se almacenará ordenadamente, en un sitio demarcado y no se apilará a alturas superiores de 1.5 metros. Se verificará la estabilidad del sitio de acopio, previniendo que se generen accidentes de trabajo.
A23: TOTAL COSTOS PAGA | I23: =I13+I11 -> 3849600

Sheet FACTOR PRESTACIONAL
G2: FORMATO | K2: VERSIÓN: 0
K3: CÓDIGO: E-DE-FP-F-065
C4: PRESUPUESTO PROYECTOS SGR | K4: FECHA: 22/Ago/2022
C5: FACTOR PRESTACIONAL
C7: MEJORAMIENTO DE VIAS URBANAS EN EL MUNICPIO DE OTANCHE, BOYACÁ
D10: LIT | E10: FACTOR | I10: BASE | J10: PARCIAL | K10: VALOR (%)
D12: A. | E12: VALOR BASE | K12: 1
D14: B. | E14: PRESTACIONES SOCIALES | K14: =SUM(J15:J18) -> 0.3946
E15: B.1. | F15: Seguridad Social - Salud | I15: A*8,5% | J15: =$K$12*8.5% -> 0.085
E16: B.2. | F16: Seguridad Social - Pensión | I16: A*12% | J16: =$K$12*12% -> 0.12
E17: B.3. | F17: ARP Personal en Obra | I17: A*6,96% | J17: =$K$12*6.96% -> 0.0696
E18: B.4. | F18: Dotaciones | I18: A* % | J18: =$K$12*12% -> 0.12
D21: D. | F21: SUBTOTAL | K21: =SUM(K11:K20) -> 1.3946
E24: FACTOR PRESTACIONAL FINAL | K24: =+K21 -> 1.3946
G32: ANYUL ADRIAN GARZON BERNAL
G33: CONS.MG - GEOTECNIA Y CIMENTACIONES
G34: MP

Sheet A.I.U
E2: FORMATO | K2: VERSIÓN: 0
K3: CÓDIGO: E-DE-FP-F-065
C4: PRESUPUESTO PROYECTOS SGR | K4: FECHA: 22/Ago/2022
C5: COMPOSICIÓN DEL PORCENTAJE DE AIU
C7: PROYECTO | D7: =+INFORMACION!C4 -> PAVIMENTACION DE LA CALLE 6 ENTRE CARRERAS 9 Y 10 INCLUYE LA CONSTRUCCION DE REDES DE ALCANTARILLADO | J7: COSTO DIRECTO | K7: =+'PRESUPUESTO OFICIAL (Entidad)'!L44 -> 160374597
J8: DURACIÓN (Meses) | K8: 2
C10: 1. ADMINISTRACIÓN
C12: 1.1. PERSONAL ADMINISTRATIVO
C13: ITEM GOBER | D13: DESCRIPCIÓN | F13: CANT | G13: TIEMPO | H13: PRESTAC. | I13: % DISPONIB | J13: BÁSICO | K13: VALOR TOTAL | L13: %
C14: 5.01.16 | D14: INGENIERO RESIDENTE (INCLUYE SALARIO BASE + FACTOR PRESTACIONAL DEL 72.81%) | F14: 1 | G14: =+$K$8 -> 2 | H14: =+'FACTOR PRESTACIONAL'!$K$21 -> 1.3946 | I14: 1 | J14: 2500000 | K14: =+J14*(1+H14)*G14*F14*I14 -> 11973000 | L14: =IF(K14>0,(K14/K$7),0) -> 0.074656462
C15: 5.01.37 | D15: PROFESIONAL SISO PROFESIONAL CATEGORIA 1 (EXPERIENCIA PROFESIONAL MINIMO 1 AÑOS - EXPERIENCIA ESPECIFICA MINIMO 3 AÑOS) (INCLUYE SALARIO BASE + FACTOR PRESTACIONAL DEL 72.81%) | F15: 1 | G15: =+$K$8 -> 2 | H15: =+'FACTOR PRESTACIONAL'!$K$21 -> 1.3946 | I15: 0.5 | J15: 1800000 | K15: =+J15*(1+H15)*G15*F15*I15 -> 4310280 | L15: =IF(K15>0,(K15/K$7),0) -> 0.026876326
C16: 5.01.29 | D16: TOPÓGRAFO INSPECTOR (INCLUYE SALARIO BASE + FACTOR PRESTACIONAL DEL 72.81%) | F16: 1 | G16: =+$K$8 -> 2 | H16: =+'FACTOR PRESTACIONAL'!$K$21 -> 1.3946 | I16: 0.3 | J16: 1800000 | K16: =+J16*(1+H16)*G16*F16*I16 -> 2586168 | L16: =IF(K16>0,(K16/K$7),0) -> 0.016125796
C17: 5.01.07 | D17: CADENERO 1 (INCLUYE SALARIO BASE + FACTOR PRESTACIONAL DEL 72.81%) | F17: 1 | G17: =+$K$8 -> 2 | H17: =+'FACTOR PRESTACIONAL'!$K$21 -> 1.3946 | I17: 0.3 | J17: 1300000 | K17: =+J17*(1+H17)*G17*F17*I17 -> 1867788 | L17: =IF(K17>0,(K17/K$7),0) -> 0.011646408
D18: TOTAL PERSONAL ADMINISTRATIVO | K18: =SUM(K14:K17) -> 20737236 | L18: =SUM(L14:L17) -> 0.12930499
C19: 1.2. EQUIPOS GENERALES, MOVILIZACIÓN E INSTALACIÓN
C20: ITEM | D20: DESCRIPCIÓN | G20: UNID | H20: CANTIDAD | I20: TIEMPO | J20: TARIFA | K20: VALOR TOTAL | L20: %
C21: 1.2.1 | D21: ALQUILER DE EQUIPO DE TOPOGRAFIA (INCLUYE ESTACIÓN TOTAL, NIVELES, JALONES Y ESTACAS) | G21: UND | H21: 1 | I21: =+K8 -> 2 | J21: 500000 | K21: =+ROUND(H21*I21*J21,2) -> 1000000 | L21: =IF(K21>0,(K21/K$7),0) -> 0.0062354015
D23: TOTAL EQUIPOS GENERALES, MOVILIZACIÓN E INSTALACIÓN | K23: =ROUND(SUM(K21:K22),2) -> 1000000 | L23: =SUM(L21:L22) -> 0.0062354015
C25: 1.3. GASTOS GENERALES
C26: ITEM | D26: DESCRIPCIÓN | G26: UNID | H26: CANTIDAD | I26: TIEMPO | J26: TARIFA | K26: VALOR TOTAL | L26: %
C27: 1.3.1 | D27: GASTOS DE PAPELERIA | G27: MES | H27: 1 | I27: =+K8 -> 2 | J27: 100000 | K27: =+ROUND(H27*I27*J27,2) -> 200000 | L27: =IF(K27>0,(K27/K$7),0) -> 0.0012470803
C28: 1.3.2 | D28: DISEÑO DE MEZCLA-CONCRETO | G28: UND | H28: 1 | I28: 1 | J28: 600000 | K28: =+ROUND(H28*I28*J28,2) -> 600000 | L28: =IF(K28>0,(K28/K$7),0) -> 0.0037412409
C29: 1.3.4 | D29: ENSAYO DE RESISTENCIA A LA COMPRESIÓN | G29: UND | H29: 10 | I29: 1 | J29: 15000 | K29: =+ROUND(H29*I29*J29,2) -> 150000 | L29: =IF(K29>0,(K29/K$7),0) -> 0.00093531022
K30: =+ROUND(H30*I30*J30,2) -> 0 | L30: =IF(K30>0,(K30/K$7),0) -> 0
K31: =+ROUND(H31*I31*J31,2) -> 0 | L31: =IF(K31>0,(K31/K$7),0) -> 0
K32: =+ROUND(H32*I32*J32,2) -> 0 | L32: =IF(K32>0,(K32/K$7),0) -> 0
C33: 1.3.9 | K33: =+ROUND(H33*I33*J33,2) -> 0 | L33: =IF(K33>0,(K33/K$7),0) -> 0
C34: 1.3.10 | K34: =+ROUND(H34*I34*J34,2) -> 0 | L34: =IF(K34>0,(K34/K$7),0) -> 0
C35: 1.3.11 | K35: =+ROUND(H35*I35*J35,2) -> 0 | L35: =IF(K35>0,(K35/K$7),0) -> 0
C36: 1.3.12 | K36: =+ROUND(H36*I36*J36,2) -> 0 | L36: =IF(K36>0,(K36/K$7),0) -> 0
C37: 1.3.13 | K37: =+ROUND(H37*I37*J37,2) -> 0 | L37: =IF(K37>0,(K37/K$7),0) -> 0
C38: 1.3.14 | K38: =+ROUND(H38*I38*J38,2) -> 0 | L38: =IF(K38>0,(K38/K$7),0) -> 0
C39: 1.3.15 | K39: =+ROUND(H39*I39*J39,2) -> 0 | L39: =IF(K39>0,(K39/K$7),0) -> 0
D40: TOTAL GASTOS GENERALES | K40: =ROUND(SUM(K27:K39),2) -> 950000 | L40: =SUM(L27:L39) -> 0.0059236314
C42: 1.4. GASTOS LEGALES
C43: ITEM | D43: DESCRIPCION | G43: UNID | H43: CANTIDAD | I43: PORCENTAJE | J43: TARIFA | K43: VALOR TOTAL | L43: %
C44: 1.4.1 | D44: POLIZAS | G44: 1 | H44: 1 | I44: 0.01 | J44: =+K7 -> 160374597 | K44: =+H44*J44*I44 -> 1603746 | L44: =IF(K44>0,(K44/K$7),0) -> 0.01
C45: 1.4.2. | D45: ESTAMPILLA ADULTO MAYOR | G45: 1 | H45: 1 | I45: 0.04 | J45: =+K7 -> 160374597 | K45: =+H45*I45*J45 -> 6414983.9 | L45: =IF(K45>0,(K45/K$7),0) -> 0.04
C46: 1.4.3. | D46: ESTAMPILLA PROCULTURA | G46: 1 | H46: 1 | I46: 0.02 | J46: =+J45 -> 160374597 | K46: =+H46*I46*J46 -> 3207491.9 | L46: =IF(K46>0,(K46/K$7),0) -> 0.02
C47: 1.4.4. | D47: TASA PRODEPORTE | G47: 1 | H47: 1 | I47: 0.02 | J47: =+J46 -> 160374597 | K47: =+H47*I47*J47 -> 3207491.9 | L47: =IF(K47>0,(K47/K$7),0) -> 0.02
C48: 1.4.5. | D48: CONTRATOS | G48: 1 | H48: 1 | I48: 0.05 | J48: =+J47 -> 160374597 | K48: =+H48*I48*J48 -> 8018729.9 | L48: =IF(K48>0,(K48/K$7),0) -> 0.05
D49: TOTAL GASTOS LEGALES | K49: =ROUND(SUM(K44:K48),2) -> 22452444 | L49: =SUM(L44:L48) -> 0.14
C51: RESUMEN DE COSTOS - COMPONENTE ADMINISTRACIÓN | J51: COMPOSICIÓN AIU
C52: =+C12 -> 1.1. PERSONAL ADMINISTRATIVO | F52: =+K18 -> 20737236 | H52: =+L18 -> 0.12930499 | J52: Administración | K52: =+F56 -> 45139680 | L52: =+H56 -> 0.28146403
C53: =+C19 -> 1.2. EQUIPOS GENERALES, MOVILIZACIÓN E INSTALACIÓN | F53: =+K23 -> 1000000 | H53: =+L23 -> 0.0062354015 | J53: Imprevistos | K53: =+'PRESUPUESTO OFICIAL (Entidad)'!L44*L53 -> 3207491.9 | L53: 0.02
C54: =+C25 -> 1.3. GASTOS GENERALES | F54: =+K40 -> 950000 | H54: =+L40 -> 0.0059236314 | J54: Utilidad | K54: =+'PRESUPUESTO OFICIAL (Entidad)'!L44*A.I.U!L54 -> 8018729.9 | L54: 0.05
C55: =+C42 -> 1.4. GASTOS LEGALES | F55: =+K49 -> 22452444 | H55: =+L49 -> 0.14 | J55: Iva / Utilidad | K55: 0 | L55: 0
D56: TOTAL ADMINISTRACIÓN | F56: =SUM(F52:G55) -> 45139680 | H56: =SUM(H52:H55) -> 0.28146403 | J56: TOTAL A.I.U. | K56: =ROUND((SUM(K52:K54)),2) -> 56365901 | L56: =SUM(L52:L54) -> 0.35146403
I62: ANYUL ADRIAN GARZON BERNAL
I63: CONS.MG-GEOTECNIA Y CIMENTACIONES
I64: MP

Sheet INFORMACION
B3: INFORMACIÓN GENERAL
B4: OBJETO : | C4: PAVIMENTACION DE LA CALLE 6 ENTRE CARRERAS 9 Y 10 INCLUYE LA CONSTRUCCION DE REDES DE ALCANTARILLADO
B5: CACULO:
B6: Vo.Bo. Secretaria de Planeación | C6: Vo.Bo. Secretario de Planeación e Infraestructura
B7: Vo.Bo. Supervisión | C7: Vo.Bo. Supervisión
B8: Contratista: | C8: N/A
B9: Interventor: | C9: N/A
B10: Fecha: | C10: 45825
B11: Ubiucacion: | C11: CALLE 6 ENTRE CR 10 Y 9

Sheet PROPUESTA ECONOMICA(Proponente)
C3: Formulario 1 - Propuesta económica - Documento tipo de selección abreviada de menor cuantía - versión 2
C4: Código | D4: CCE-EICP-FM-25 | E4: Versión | F4: 2
C6: FORMULARIO 1
C7: PROPUESTA ECONOMICA
C8: [La entidad puede utilizar este formulario de presentación de propuesta económica de forma detallada, sin perjuicio que la entidad pueda modificarlo o establecer la presentación de la oferta económica con un formulario distinto al indicado.] [Los proponentes emplearán el formulario establecido por la entidad para determinar su propuesta económica conforme al Formulario 1 - Presupuesto Oficial publicado por la Entidad]
C10: Cuando el proceso de contratación es estructurado por precios unitarios, la Entidad debe aplicar las notas 1, 2 y 3 del presente formato y las casillas de "Descripción", "Porcentaje" de la Administración, Imprevisto, Utilidad y total A.I.U. resaltadas en color amarillo.
C12: Nº | D12: ITEM DE PAGO | E12: ESPECIFICACIONES | G12: DESCRIPCION | H12: UND. | I12: CANTIDAD | J12: VALOR UNITARIO | K12: VALOR TOTAL
E13: GENERAL | F13: PARTICULAR
C16: Subtotal
C22: Subtotal
C32: Subtotal
C37: Subtotal
C40: Subtotal
C41: SUBTOTAL OBRAS
G46: SUBTOTAL OBRAS (INCLUYE IVA)
G50: VALOR TOTAL
C53: NOTA 1: Se debe tener en cuenta que el PRECIO UNITARIO incluye el valor de A.I.U. | H53: DESCRIPCION | K53: PORCENTAJE
C54: NOTA 2: Cuando la fracción decimal del peso sea igual o superior a 5 se aproximara por exceso al número entero siguiente del peso y cuando la fracción decimal del peso sea inferior a 5 se aproximará por defecto al número entero del peso. | H54: ADMINISTRACION | J54: A= | K54: [Ofrecimiento del Proponente]
C55: NOTA 3: El A.I.U y su discriminación deben estar en porcentaje (%). | H55: IMPREVISTO | J55: I= | K55: [Ofrecimiento del Proponente]
H56: UTILIDAD | J56: U= | K56: [Ofrecimiento del Proponente]
H57: TOTAL A.I.U | J57: A.I.U.= | K57: [Ofrecimiento del Proponente]
G60: Firma del Proponente o de su Representante Legal

Sheet PRESUPUESTO OFICIAL (Entidad)
C3: Formulario 1 - Propuesta económica - Documento tipo de selección abreviada de menor cuantía - versión 2
C4: Código | D4: CCE-EICP-FM-25 | E4: Versión | F4: 2
C6: FORMULARIO 1
C7: PRESUPUESTO OFICIAL | P7: Clisman | Q7: 38149599
C8: [La entidad puede utilizar este formulario de detalle del presupuesto oficial para determinar las condiciones bajo las cuales los proponentes analizarán y presentarán su propuesta económica de forma detallada, sin perjuicio que la entidad pueda modificarlo o establecer la presentación de la oferta económica con un formulario distinto al indicado.] | Q8: =+Q7*16.75% -> 6390057.8
Q9: =+Q7-Q8 -> 31759541
C10: Adicionalmente, cuando el proceso de contratación es estructurado por precios unitarios, la Entidad debe aplicar las notas 1, 2 y 3 del presente formulario y las casillas de "Descripción", "Porcentaje" de la Administración, Imprevisto, Utilidad y total A.I.U. resaltadas en colo amarillo. Tratándose de otras modalidades de precio, la Entidad puede o no configurar los mismos aspectos. | Q10: =+Q9-3000000 -> 28759541
Q11: =+Q10-1000000 -> 27759541
C12: Nº | D12: ITEM DE PAGO | E12: ESPECIFICACIONES | G12: DESCRIPCION | H12: UND. | I12: CANTIDAD | J12: INCREMENTO X DISTANCIA | K12: VALOR UNITARIO | L12: VALOR TOTAL | Q12: =+Q11-1000000 -> 26759541
E13: GENERAL | F13: PARTICULAR
C14: 1 | D14: AGUAS NEGRAS
C15: 1. PRELIMINARES | L15: =ROUND(SUM(L16:L21),0) -> 16576891 | O15: =+L15/$L$44 -> 0.10336357 | Q15: =+L15*(1+$K$49) -> 22403072
C16: 1.01 | D16: 3.01.08 | E16: GOBERNACIÓN | G16: LOCALIZACION Y REPLANTEO TOPOGRAFICO PARA OBRAS DE INFRAESTRUCTURA VIAL | H16: KM | I16: =+'1.01'!N34 -> 0.08 | K16: 4051316 | L16: =+ROUND(K16*I16*(1+J16),2) -> 324105.28 | O16: =+L16/$L$44 -> 0.0020209265
C17: 1.02 | D17: 2.01.43 | E17: GOBERNACIÓN | G17: DESMONTE DE ADOQUIN PREFABRICADO (INCLYE RETIRO Y ACARREO LIBRE HASTA 5 KM) | H17: M2 | I17: =+'1.02'!N37 -> 474 | K17: 10114.16 | L17: =+ROUND(K17*I17*(1+J17),2) -> 4794111.8 | O17: =+L17/$L$44 -> 0.029893212
C18: 1.03 | D18: 2.02.15 | E18: GOBERNACIÓN | G18: EXCAVACIÓNES MECANICAS Y CORTES EN MATERIAL COMÚN (INCLUYE ACARREO LIBRE HASTA 5 KM.) | H18: M3 | I18: =+'1.03'!N33 -> 149.184 | K18: 26955.15 | L18: =+ROUND(K18*I18*(1+J18),2) -> 4021277.1 | O18: =+L18/$L$44 -> 0.025074277
C19: 1.04 | D19: 3.11.03 | E19: GOBERNACIÓN | G19: ESCARIFICACION, MEZCLADO, CONFORMACION Y COMPACTACIÓN DE SUBBASE Y/O BASE | H19: KM | I19: =+'1.04'!N34 -> 0.08 | K19: 9207498.6 | L19: =+ROUND(K19*I19*(1+J19),2) -> 736599.89 | O19: =+L19/$L$44 -> 0.004592996
C20: 1.05 | D20: 3.01.02 | E20: GOBERNACIÓN | G20: CONFIGURACIOÓN Y COMPACTACION SUBRASANTE CBR=95% PARA VIAS | H20: M2 | I20: =+'1.05'!N40 -> 85.92 | K20: 9614.58 | L20: =+ROUND(K20*I20*(1+J20),2) -> 826084.71 | O20: =+L20/$L$44 -> 0.0051509698
C21: 1.06 | D21: 3.13.15 | E21: GOBERNACIÓN | G21: DEMOLICIÓN OBRAS EN CONCRETO SIMPLE, INCLUYE CARGUE Y RETIRO DE SOBRANTES CON ACARREO LIBRE HASTA 5 KM.). | H21: M3 | I21: =+'1.06'!N43 -> 24 | K21: 244779.68 | L21: =+ROUND(K21*I21*(1+J21),2) -> 5874712.3 | O21: =+L21/$L$44 -> 0.03663119
C22: 2. CONSTRUCCION REDES DE ALCANTARILLADO | L22: =ROUND(SUM(L23:L32),0) -> 49474615 | O22: =+L22/$L$44 -> 0.30849409 | Q22: =+L22*(1+$K$49) -> 66863162
C23: 2.01 | D23: 4.01.04 | E23: GOBERNACIÓN | G23: RELLENO EN ARENA DE PEÑA COMPACTADO CON PLANCHA VIBRADORA. | H23: M3 | I23: =+'2.01'!N36 -> 13.99 | J23: 0.12 | K23: 124268.05 | L23: =+ROUND(K23*I23*(1+J23),2) -> 1947131.2 | O23: =+L23/$L$44 -> 0.012141145
C24: 2.02 | D24: 4.01.07 | E24: GOBERNACIÓN | G24: RELLENO CON MATERIAL SELECCIÓNADO PROVENIENTE DE EXCAVACIÓN COMPACTADO CON PLANCHA VIBRADORA | H24: M3 | I24: =+'2.02'!N36 -> 97.9 | K24: 31742.33 | L24: =+ROUND(K24*I24*(1+J24),2) -> 3107574.1 | O24: =+L24/$L$44 -> 0.019376972
C25: 2.03 | D25: 5.01.27 | E25: GOBERNACIÓN | G25: SUMINISTRO E INSTALACION TUBERIA DE ALCANTARILLADO PVC D=10" | H25: ML | I25: =+'2.03'!N36 -> 75.2 | J25: 0.12 | K25: 152567.87 | L25: =+I25*(K25*(1+J25)) -> 12849876 | O25: =+L25/$L$44 -> 0.080124138
C26: 2.04 | D26: 2.02.25 | E26: GOBERNACIÓN | G26: SOLADO EN CONCRETO DE ESPESOR E = 0.05 M. 14 MPa (2000 PSI) | H26: M2 | I26: =+'2.04'!N36 -> 5.76 | J26: 0.12 | K26: 33431.73 | L26: =+I26*(K26*(1+J26)) -> 215674.78 | O26: =+L26/$L$44 -> 0.0013448188
C27: 2.05 | D27: 2.02.03 | E27: GOBERNACIÓN | G27: CAJAS DE INSPECCIÓN EN LADRILLO DE 0.80 X 0.80 X 0.80 M. (NO INCLUYE TAPA). | H27: UND | I27: =+'2.05'!N36 -> 15 | J27: 0.12 | K27: 563564.25 | L27: =+I27*(K27*(1+J27)) -> 9467879.4 | O27: =+L27/$L$44 -> 0.059036029
C28: 2.06 | D28: 5.02.04 | E28: GOBERNACIÓN | G28: CONEXIÓN DOMICILIARIA PARA ALCANTARILLADO DE 250 MM. X 160 MM. (INCLUYE TUBERÍA Y ACCESORIOS DE CONEXIÓN). | H28: UND | I28: =+'2.06'!N33 -> 15 | J28: 0.12 | K28: 599292.9 | L28: =+I28*(K28*(1+J28)) -> 10068121 | O28: =+L28/$L$44 -> 0.062778775
C29: 2.07 | D29: 5.01.07 | E29: GOBERNACIÓN | G29: POZO DE INSPECCIÓN, DIAMETRO INTERIOR 1.2 M. (1.00 M. < H < 1.50 M.). (NO INCLUYE ARO Y TAPA). | H29: UND | I29: =+'2.07'!N36 -> 4 | J29: 0.12 | K29: 1622064.7 | L29: =+I29*(K29*(1+J29)) -> 7266849.8 | O29: =+L29/$L$44 -> 0.045311726
C30: 2.08 | D30: 5.01.01 | E30: GOBERNACIÓN | G30: SUMINISTRO E INSTALACIÓN DE ARO - TAPA EN HF - TIPO LIVIANO | H30: UND | I30: 4 | J30: 0.12 | K30: 459040.35 | L30: =+I30*(K30*(1+J30)) -> 2056500.8 | O30: =+L30/$L$44 -> 0.012823108
C31: 2.09 | D31: 5.03.02 | E31: GOBERNACIÓN | G31: CONCRETO SIMPLE DE 21 MPa - (3000 PSI) IMPERMEABILIZADO PARA TAPAS | H31: M3 | I31: =+'2.09'!N36 -> 0.96 | J31: 0.12 | K31: 1031137.6 | L31: =+I31*(K31*(1+J31)) -> 1108679.1 | O31: =+L31/$L$44 -> 0.0069130596
C32: 2.1 | D32: 5.02.12 | E32: GOBERNACIÓN | G32: RETIRO DE TUBERÍA EXISTENTE EN CONCRETO 8" A 12" | H32: ML | I32: =+I25 -> 75.2 | K32: 18435.22 | L32: =+I32*(K32*(1+J32)) -> 1386328.5 | O32: =+L32/$L$44 -> 0.0086443151
C33: 3. PAVIMENTO | L33: =ROUND(SUM(L34:L43),0) -> 94323091 | O33: =+L33/$L$44 -> 0.58814234 | Q33: =+L33*(1+$K$49) -> 1.2747426e+08
C34: 3.01 | D34: 3.04.07 | E34: GOBERNACIÓN | G34: SUMINISTRO, EXTENDIDA Y COMPACTACIÓN DE MATERIAL SELECCIÓNADO PARA SUBBASE GRANULAR (INCLUYE ACARREO LIBRE HASTA 5KM) (**) | H34: M3 | I34: =+'3.01'!N36 -> 21.32 | J34: 0.12 | K34: 144296.14 | L34: =+I34*(K34*(1+J34)) -> 3445560.9 | O34: =+L34/$L$44 -> 0.021484456
C35: 3.02 | D35: 3.01.01 | E35: GOBERNACIÓN | G35: CONFIGURACION-NIVELACION TERRENO PARA VIAS | H35: M2 | I35: =+'3.02'!N36 -> 473.9 | K35: 1574.57 | L35: =+I35*(K35*(1+J35)) -> 746188.72 | O35: =+L35/$L$44 -> 0.0046527863
C36: 3.03 | D36: 3.05.12 | E36: GOBERNACIÓN | G36: SOLADO DE LIMPIEZA PARA RIOSTRAS DE PLACA HUELLA EN CONCRETO ESPESOR E = 0.03 M. 14MPa (2500PSI) | H36: M2 | I36: =+'3.03'!N36 -> 5.6 | J36: 0.12 | K36: 33052.88 | L36: =+I36*(K36*(1+J36)) -> 207307.66 | O36: =+L36/$L$44 -> 0.0012926465
C37: 3.04 | D37: 3.03.05 | E37: GOBERNACIÓN | G37: CUNETAS REVESTIDAS EN CONCRETO DE 21 MPA ( 3000 PSI) SIN REFUERZO (INCLUYE SELLO DE JUNTAS) | H37: M3 | I37: =+'3.04'!N36 -> 24 | J37: 0.12 | K37: 778309.86 | L37: =+I37*(K37*(1+J37)) -> 20920969 | O37: =+L37/$L$44 -> 0.13045064
C38: 3.05 | D38: 3.08.23 | E38: GOBERNACIÓN | G38: CONCRETO ESTRIADO RAMPAS 17.5 MPa - (2500 PSI) | H38: M2 | I38: =+'3.05'!N33 -> 11.77 | J38: 0.12 | K38: 131538.51 | L38: =+I38*(K38*(1+J38)) -> 1733993.3 | O38: =+L38/$L$44 -> 0.010812144
C39: 3.06 | D39: 3.08.24 | E39: GOBERNACIÓN | G39: CONSTRUCCION DE ANDENES E=0.10 M., EN CONCRETO DE 17.5 MPa - (2500 PSI) | H39: M2 | I39: =+'3.06'!N36 -> 20.7 | J39: 0.12 | K39: 90766.15 | L39: =+I39*(K39*(1+J39)) -> 2104322.4 | O39: =+L39/$L$44 -> 0.013121295
C40: 3.07 | D40: 3.08.07 | E40: GOBERNACIÓN | G40: CONSTRUCCIÓN DE BORDILLO DE 8 X 15 CM FUNDIDO EN CONCRETO DE 17.5 MPa. (NO INCLUYE REFUERZO). | H40: ML | I40: =+'3.07'!N36 -> 60 | J40: 0.12 | K40: 43024.86 | L40: =+I40*(K40*(1+J40)) -> 2891270.6 | O40: =+L40/$L$44 -> 0.018028233
C41: 3.08 | D41: 3.03.21 | E41: GOBERNACIÓN | G41: SUMINISTRO E INSTALACIÓN DE CONCRETO CICLOPEO DE 21 MPA (3000 PSI) , 60% RAJON PARA PLACA HUELLAS INCLUYE SELLO DE JUNTAS | H41: M3 | I41: =+'3.08'!N36 -> 24 | J41: 0.12 | K41: 603051.53 | L41: =+I41*(K41*(1+J41)) -> 16210025 | O41: =+L41/$L$44 -> 0.10107601
C42: 3.09 | D42: 3.05.11 | E42: GOBERNACIÓN | G42: CONCRETO PARA PLACA HUELLA DE 21 MPa - (3000 PSI). (INCLUYE CORTE Y SELLO DE JUNTAS). | H42: M3 | I42: =+'3.09'!N36 -> 24 | J42: 0.12 | K42: 855295.73 | L42: =+I42*(K42*(1+J42)) -> 22990349 | O42: =+L42/$L$44 -> 0.14335406
C43: 3.1 | D43: 3.10.12 | E43: GOBERNACIÓN | G43: SUMINISTRO FIGURADO Y ARMADO DE ACERO DE REFUERZO 60000 PSI 420 MPA | H43: KG | I43: =+'3.1'!N37 -> 2684.15 | J43: 0.12 | K43: 7675.05 | L43: =+I43*(K43*(1+J43)) -> 23073104 | O43: =+L43/$L$44 -> 0.14387007
C44: SUBTOTAL OBRAS | L44: =+SUM(L15+L22+L33) -> 160374597 | O44: =+L44/$L$44 -> 1 | Q44: =+SUM(Q15:Q41) -> 2.167405e+08
G46: ADMINISTRACION | K46: =+A.I.U!L52 -> 0.28146403 | L46: =+ROUND($L$44*K46,0) -> 45139680
G47: IMPREVISTOS | K47: =+A.I.U!L53 -> 0.02 | L47: =+ROUND($L$44*K47,0) -> 3207492
G48: UTILIDAD | K48: =+A.I.U!L54 -> 0.05 | L48: =+ROUND($L$44*K48,0) -> 8018730
G49: TOTAL A.I.U | K49: =+SUM(K46:K48) -> 0.35146403 | L49: =+SUM(L46:L48) -> 56365902 | S49: total vias | T49: total alcantarillado
G50: PAGA | K50: =+L50/L44 -> 0.024003802 | L50: =+'Presupuesto PAGA'!I23 -> 3849600 | Q50: =+L50 -> 3849600 | R50: =+Q50/Q22 -> 0.057574303 | S50: =+($Q$15+$Q$33)*(1+R50) -> 1.5850642e+08 | T50: =+$Q$22*(1+R50) -> 70712762
G51: PMT | K51: =+L51/L44 -> 0.033516368 | L51: =+PMT!H364 -> 5375174 | Q51: =+L51 -> 5375174 | R51: =+Q51/(Q15+Q33) -> 0.035863821 | S51: =+($Q$15+$Q$33)*(1+R51) -> 1.5525251e+08 | T51: =+$Q$22*(1+R51) -> 69261131
G52: VALOR TOTAL | L52: =+L44+L49+L50+L51 -> 225965273 | Q52: =+Q44+Q50+Q51 -> 2.2596527e+08 | S52: =+AVERAGE(S50:S51) -> 1.5687946e+08 | T52: =+AVERAGE(T50:T51) -> 69986947
S53: =+L52-T52 -> 1.5597833e+08
C55: NOTA 1: Se debe tener en cuenta que el PRECIO UNITARIO incluye el valor de A.I.U. E incrementeo por trasnporte | H55: DESCRIPCION | L55: PORCENTAJE
C56: NOTA 2: Cuando la fracción decimal del peso sea igual o superior a 5 se aproximara por exceso al número entero siguiente del peso y cuando la fracción decimal del peso sea inferior a 5 se aproximará por defecto al número entero del peso. | H56: ADMINISTRACION | K56: A= | L56: =+A.I.U!L52 -> 0.28146403
C57: NOTA 3: El A.I.U y su discriminación deben estar en porcentaje (%). | H57: IMPREVISTO | K57: I= | L57: 0.02
H58: UTILIDAD | K58: U= | L58: =+A.I.U!L54 -> 0.05
H59: TOTAL A.I.U | K59: A.I.U.= | L59: =SUM(L56:L58) -> 0.35146403

Sheet 1.01
B2: MEMORIAS DE CALCULO DE CANTIDADES
D4: MEMORIAS DE CALCULO CANTIDADES | H4: PROYECTO:
H6: OBJETO: | I6: =+INFORMACION!C4 -> PAVIMENTACION DE LA CALLE 6 ENTRE CARRERAS 9 Y 10 INCLUYE LA CONSTRUCCION DE REDES DE ALCANTARILLADO
B8: ENTIDAD: | D8: ALCALDÍA MUNICIPAL DE OTANCHE - BOYACÁ | H8: CONTRATISTA: | M8: INTERVENTOR: | N8: FECHA:
H9: =+INFORMACION!C8 -> N/A | M9: =+INFORMACION!C9 -> N/A | N9: =+INFORMACION!C10 -> 45825
B10: CAPITULO: | D10: =+'PRESUPUESTO OFICIAL (Entidad)'!C15 -> 1. PRELIMINARES | N10: Hoja Nov. de 1
B11: ITEM DE PAGO: | D11: =+VLOOKUP(B14,'PRESUPUESTO OFICIAL (Entidad)'!C15:K43,2) -> 3.13.15
B13: ITEM | C13: UND | D13: DESCRIPCION | I13: UBICACIÓN | L13: =+INFORMACION!C11 -> CALLE 6 ENTRE CR 10 Y 9
B14: 1.1 | C14: =+VLOOKUP(B14,'PRESUPUESTO OFICIAL (Entidad)'!C12:K44,6,FALSE) -> #N/A | D14: =+VLOOKUP(B14,'PRESUPUESTO OFICIAL (Entidad)'!C12:K44,5,FALSE) -> #N/A
H15: Localización | I15: Dimensiones | M15: CANTIDAD | N15: Total
I16: ANCHO | J16: LARGO | K16: ALTO | L16: No ELEMENTOS
H17: Calle 6 | J17: 80 | N17: =+J17/1000 -> 0.08
N26: =+I26*J26*K26*L26 -> 0
H34: TOTAL PRESENTE ACTA | N34: =+SUM(N17:N33) -> 0.08 | P34: 448
I35: EJECUTADO ACTA 1 | N35: 0
I36: EJECUTADO ACTA 2 | N36: 0
I37: EJECUTADO PRESENTE ACTA | N37: =+ROUND(N34-N35-N36,2) -> 0.08
B38: Calculó: | F38: =+INFORMACION!C6 -> Vo.Bo. Secretario de Planeación e Infraestructura | K38: =+INFORMACION!C7 -> Vo.Bo. Supervisión
B39: =+INFORMACION!C5 -> 0
B40: Otanche - Boyacá

Sheet 1.02
B2: MEMORIAS DE CALCULO DE CANTIDADES
D4: MEMORIAS DE CALCULO CANTIDADES | H4: PROYECTO:
H6: OBJETO: | I6: =+INFORMACION!C4 -> PAVIMENTACION DE LA CALLE 6 ENTRE CARRERAS 9 Y 10 INCLUYE LA CONSTRUCCION DE REDES DE ALCANTARILLADO
B8: ENTIDAD: | D8: ALCALDÍA MUNICIPAL DE OTANCHE - BOYACÁ | H8: CONTRATISTA: | M8: INTERVENTOR: | N8: FECHA:
H9: =+INFORMACION!C8 -> N/A | M9: =+INFORMACION!C9 -> N/A | N9: =+INFORMACION!C10 -> 45825
B10: CAPITULO: | D10: =+'PRESUPUESTO OFICIAL (Entidad)'!C22 -> 2. CONSTRUCCION REDES DE ALCANTARILLADO | N10: Hoja Nov. de 1
B11: ITEM DE PAGO: | D11: =+'PRESUPUESTO OFICIAL (Entidad)'!D23 -> 4.01.04
B13: ITEM | C13: UND | D13: DESCRIPCION | I13: UBICACIÓN | L13: =+INFORMACION!C11 -> CALLE 6 ENTRE CR 10 Y 9
B14: 1.2 | C14: =+VLOOKUP(B14,'PRESUPUESTO OFICIAL (Entidad)'!C12:K44,6,FALSE) -> #N/A | D14: =+VLOOKUP(B14,'PRESUPUESTO OFICIAL (Entidad)'!C12:K44,5,FALSE) -> #N/A
H15: Localización | I15: Dimensiones | M15: CANT | N15: Total
I16: LARGO | J16: ANCHO | K16: ALTO | L16: No. ELEMENTOS
I17: =+'1.01'!J17 -> 80 | J17: =+Hoja1!A19 -> 5.9237059 | L17: =+'1.01'!M17 -> 0 | M17: =+I17*J17 -> 473.89647 | N17: =+M17 -> 473.89647
H34: TOTAL PRESENTE ACTA | N34: =ROUND(SUM(N17:N33),0) -> 474 | Q34: 134.4
I35: EJECUTADO ACTA 1 | N35: 0
I36: EJECUTADO ACTA 2 | N36: 0
I37: EJECUTADO PRESENTE ACTA | N37: =+ROUND(N34-N35-N36,2) -> 474
B38: Calculó: | F38: =+INFORMACION!C6 -> Vo.Bo. Secretario de Planeación e Infraestructura | K38: =+INFORMACION!C7 -> Vo.Bo. Supervisión
B39: =+INFORMACION!C5 -> 0
B40: Otanche - Boyacá

Sheet 1.03
B2: MEMORIAS DE CALCULO DE CANTIDADES
D4: MEMORIAS DE CALCULO CANTIDADES | H4: PROYECTO:
H6: OBJETO: | I6: =+INFORMACION!C4 -> PAVIMENTACION DE LA CALLE 6 ENTRE CARRERAS 9 Y 10 INCLUYE LA CONSTRUCCION DE REDES DE ALCANTARILLADO
B8: ENTIDAD: | D8: ALCALDÍA MUNICIPAL DE OTANCHE - BOYACÁ | H8: CONTRATISTA: | M8: INTERVENTOR: | N8: FECHA:
H9: =+INFORMACION!C8 -> N/A | M9: =+INFORMACION!C9 -> N/A | N9: =+INFORMACION!C10 -> 45825
B10: CAPITULO: | D10: =+'PRESUPUESTO OFICIAL (Entidad)'!C22 -> 2. CONSTRUCCION REDES DE ALCANTARILLADO | N10: Hoja Nov. de 1
B11: ITEM DE PAGO: | D11: =+VLOOKUP(B14,'PRESUPUESTO OFICIAL (Entidad)'!C15:K43,2) -> 3.13.15
B13: ITEM | C13: UND | D13: DESCRIPCION | I13: UBICACIÓN | L13: =+INFORMACION!C11 -> CALLE 6 ENTRE CR 10 Y 9
B14: 1.3 | C14: =+VLOOKUP(B14,'PRESUPUESTO OFICIAL (Entidad)'!C12:K44,6,FALSE) -> #N/A | D14: =+VLOOKUP(B14,'PRESUPUESTO OFICIAL (Entidad)'!C12:K44,5,FALSE) -> #N/A
H15: Localización | I15: Dimensiones | M15: OBSERVACION | N15: Total
I16: No. Elem. | J16: Largo | K16: Ancho | L16: Alto
H17: Tramo 1 | I17: 1 | J17: 20 | K17: 1.2 | L17: 1.6 | N17: =+I17*J17*K17*L17 -> 38.4
H18: Tramo 2 | I18: 1 | J18: 20 | K18: 1.2 | L18: 1.6 | N18: =+I18*J18*K18*L18 -> 38.4
H19: Tramo 3 | I19: 1 | J19: 20 | K19: 1.2 | L19: 1.6 | N19: =+I19*J19*K19*L19 -> 38.4
H20: Tramo 4 | I20: 1 | J20: 17.7 | K20: 1.2 | L20: 1.6 | N20: =+I20*J20*K20*L20 -> 33.984
N26: =+I26*J26*K26*L26 -> 0
H33: TOTAL PRESENTE ACTA | N33: =+SUM(N17:N20) -> 149.184 | Q33: 313.6
I34: EJECUTADO ACTA 1 | N34: 0
I35: EJECUTADO ACTA 2 | N35: 0
I36: EJECUTADO PRESENTE ACTA | N36: =+ROUND(N33-N34-N35,2) -> 149.18
B37: Calculó: | F37: =+INFORMACION!C6 -> Vo.Bo. Secretario de Planeación e Infraestructura | K37: =+INFORMACION!C7 -> Vo.Bo. Supervisión
B38: =+INFORMACION!C5 -> 0
B39: Otanche - Boyacá

Sheet 1.04
B2: MEMORIAS DE CALCULO DE CANTIDADES
D4: MEMORIAS DE CALCULO CANTIDADES | H4: PROYECTO:
H6: OBJETO: | I6: =+INFORMACION!C4 -> PAVIMENTACION DE LA CALLE 6 ENTRE CARRERAS 9 Y 10 INCLUYE LA CONSTRUCCION DE REDES DE ALCANTARILLADO
B8: ENTIDAD: | D8: ALCALDÍA MUNICIPAL DE OTANCHE - BOYACÁ | H8: CONTRATISTA: | M8: INTERVENTOR: | N8: FECHA:
H9: =+INFORMACION!C8 -> N/A | M9: =+INFORMACION!C9 -> N/A | N9: =+INFORMACION!C10 -> 45825
B10: CAPITULO: | D10: =+'PRESUPUESTO OFICIAL (Entidad)'!C22 -> 2. CONSTRUCCION REDES DE ALCANTARILLADO | N10: Hoja Nov. de 1
B11: ITEM DE PAGO: | D11: =+'PRESUPUESTO OFICIAL (Entidad)'!D23 -> 4.01.04
B13: ITEM | C13: UND | D13: DESCRIPCION | I13: UBICACIÓN | L13: =+INFORMACION!C11 -> CALLE 6 ENTRE CR 10 Y 9
B14: 1.4 | C14: =+VLOOKUP(B14,'PRESUPUESTO OFICIAL (Entidad)'!C12:K44,6,FALSE) -> #N/A | D14: =+VLOOKUP(B14,'PRESUPUESTO OFICIAL (Entidad)'!C12:K44,5,FALSE) -> #N/A
H15: Localización | I15: Dimensiones | M15: CANT | N15: Total
I16: LARGO | J16: ANCHO | K16: ALTO | L16: No. ELEMENTOS
H17: calle 6 | I17: 0.08 | N17: =+I17 -> 0.08
H34: TOTAL PRESENTE ACTA | N34: =+N17 -> 0.08 | Q34: 134.4
I35: EJECUTADO ACTA 1 | N35: 0
I36: EJECUTADO ACTA 2 | N36: 0
I37: EJECUTADO PRESENTE ACTA | N37: =+ROUND(N34-N35-N36,2) -> 0.08
B38: Calculó: | F38: =+INFORMACION!C6 -> Vo.Bo. Secretario de Planeación e Infraestructura | K38: =+INFORMACION!C7 -> Vo.Bo. Supervisión
B39: =+INFORMACION!C5 -> 0
B40: Otanche - Boyacá

Sheet 1.05
B2: MEMORIAS DE CALCULO DE CANTIDADES
D4: MEMORIAS DE CALCULO CANTIDADES | H4: PROYECTO:
H6: OBJETO: | I6: =+INFORMACION!C4 -> PAVIMENTACION DE LA CALLE 6 ENTRE CARRERAS 9 Y 10 INCLUYE LA CONSTRUCCION DE REDES DE ALCANTARILLADO
B8: ENTIDAD: | D8: ALCALDÍA MUNICIPAL DE OTANCHE - BOYACÁ | H8: CONTRATISTA: | M8: INTERVENTOR: | N8: FECHA:
H9: =+INFORMACION!C8 -> N/A | M9: =+INFORMACION!C9 -> N/A | N9: =+INFORMACION!C10 -> 45825
B10: CAPITULO: | D10: =+'PRESUPUESTO OFICIAL (Entidad)'!C22 -> 2. CONSTRUCCION REDES DE ALCANTARILLADO | N10: Hoja Nov. de 1
B11: ITEM DE PAGO: | D11: =+'PRESUPUESTO OFICIAL (Entidad)'!D29 -> 5.01.07
B13: ITEM | C13: UND | D13: DESCRIPCION | I13: UBICACIÓN | L13: =+INFORMACION!C11 -> CALLE 6 ENTRE CR 10 Y 9
B14: 1.5 | C14: =+'PRESUPUESTO OFICIAL (Entidad)'!H29 -> UND | D14: =+VLOOKUP(B14,'PRESUPUESTO OFICIAL (Entidad)'!C12:K44,5,FALSE) -> #N/A
H15: Localización | I15: Dimensiones | M15: CANTIDAD | N15: Total
I16: No. Elem. | J16: Largo | K16: Ancho | L16: ALTO
H17: Vìa | I17: =+'1.01'!J17 -> 80 | J17: =+Hoja1!A19 -> 5.9237059 | L17: =+'1.01'!M17 -> 0 | M17: =+I17+J17 -> 85.923706 | N17: =+M17 -> 85.923706
N19: =+I19*J19*L19 -> 0
N20: =+I20*J20*K20*L20 -> 0
H40: TOTAL PRESENTE ACTA | N40: =ROUND(SUM(N17:N39),2) -> 85.92 | Q40: 4
I41: EJECUTADO ACTA 1 | N41: 0
I42: EJECUTADO ACTA 2 | N42: 0
I43: EJECUTADO PRESENTE ACTA | N43: =+ROUND(N40-N41-N42,2) -> 85.92
B44: Calculó: | F44: =+INFORMACION!C6 -> Vo.Bo. Secretario de Planeación e Infraestructura | K44: =+INFORMACION!C7 -> Vo.Bo. Supervisión
B45: =+INFORMACION!C5 -> 0
B46: Otanche - Boyacá

Sheet 1.06
B2: MEMORIAS DE CALCULO DE CANTIDADES
D4: MEMORIAS DE CALCULO CANTIDADES | H4: PROYECTO:
H6: OBJETO: | I6: =+INFORMACION!C4 -> PAVIMENTACION DE LA CALLE 6 ENTRE CARRERAS 9 Y 10 INCLUYE LA CONSTRUCCION DE REDES DE ALCANTARILLADO
B8: ENTIDAD: | D8: ALCALDÍA MUNICIPAL DE OTANCHE - BOYACÁ | H8: CONTRATISTA: | M8: INTERVENTOR: | N8: FECHA:
H9: =+INFORMACION!C8 -> N/A | M9: =+INFORMACION!C9 -> N/A | N9: =+INFORMACION!C10 -> 45825
B10: CAPITULO: | D10: =+'PRESUPUESTO OFICIAL (Entidad)'!C22 -> 2. CONSTRUCCION REDES DE ALCANTARILLADO | N10: Hoja Nov. de 1
B11: ITEM DE PAGO: | D11: =+VLOOKUP(B14,'PRESUPUESTO OFICIAL (Entidad)'!C15:K43,2) -> 3.13.15
B13: ITEM | C13: UND | D13: DESCRIPCION | I13: UBICACIÓN | L13: =+INFORMACION!C11 -> CALLE 6 ENTRE CR 10 Y 9
B14: 1.6 | C14: =+VLOOKUP(B14,'PRESUPUESTO OFICIAL (Entidad)'!C12:K44,6,FALSE) -> #N/A | D14: =+VLOOKUP(B14,'PRESUPUESTO OFICIAL (Entidad)'!C12:K44,5,FALSE) -> #N/A
H15: Localización | I15: Dimensiones | M15: CANTIDAD | N15: Total
I16: No. Elem. | J16: Largo | K16: Ancho | L16: ALTO
H17: Cunetas | I17: 2 | J17: 80 | K17: 1 | L17: 0.15 | M17: =+'1.01'!M17 -> 0 | N17: =+I17*J17*K17*L17 -> 24
M18: =+'1.01'!M17 -> 0 | N18: =+I18*J18*K18*L18*M18 -> 0
N19: =+I19*J19*L19 -> 0
N20: =+I20*J20*K20*L20 -> 0
N22: =+J22*K22*L22 -> 0
N24: =+J24*K24*L24 -> 0
H40: TOTAL PRESENTE ACTA | N40: =ROUND(SUM(N17:N39),2) -> 24 | R40: 4
I41: EJECUTADO ACTA 1 | N41: 0
I42: EJECUTADO ACTA 2 | N42: 0
I43: EJECUTADO PRESENTE ACTA | N43: =+ROUND(N40-N41-N42,2) -> 24
B44: Calculó: | F44: =+INFORMACION!C6 -> Vo.Bo. Secretario de Planeación e Infraestructura | K44: =+INFORMACION!C7 -> Vo.Bo. Supervisión
B45: =+INFORMACION!C5 -> 0
B46: Otanche - Boyacá

Sheet 2.01
B2: MEMORIAS DE CALCULO DE CANTIDADES
D4: MEMORIAS DE CALCULO CANTIDADES | H4: PROYECTO:
H6: OBJETO: | I6: =+INFORMACION!C4 -> PAVIMENTACION DE LA CALLE 6 ENTRE CARRERAS 9 Y 10 INCLUYE LA CONSTRUCCION DE REDES DE ALCANTARILLADO
B8: ENTIDAD: | D8: ALCALDÍA MUNICIPAL DE OTANCHE - BOYACÁ | H8: CONTRATISTA: | M8: INTERVENTOR: | N8: FECHA:
H9: =+INFORMACION!C8 -> N/A | M9: =+INFORMACION!C9 -> N/A | N9: =+INFORMACION!C10 -> 45825
B10: CAPITULO: | D10: =+'PRESUPUESTO OFICIAL (Entidad)'!C22 -> 2. CONSTRUCCION REDES DE ALCANTARILLADO | N10: Hoja Nov. de 1
B11: ITEM DE PAGO: | D11: =+'PRESUPUESTO OFICIAL (Entidad)'!D23 -> 4.01.04
B13: ITEM | C13: UND | D13: DESCRIPCION | I13: UBICACIÓN | L13: =+INFORMACION!C11 -> CALLE 6 ENTRE CR 10 Y 9
B14: 2.1 | C14: =+VLOOKUP(B14,'PRESUPUESTO OFICIAL (Entidad)'!C12:K44,6,FALSE) -> ML | D14: =+VLOOKUP(B14,'PRESUPUESTO OFICIAL (Entidad)'!C12:K44,5,FALSE) -> RETIRO DE TUBERÍA EXISTENTE EN CONCRETO 8" A 12"
H15: Localización | I15: Dimensiones | M15: CANT | N15: Total
I16: No. Elem. | J16: Largo | K16: Ancho | L16: Alto
H17: =+'1.03'!H17 -> Tramo 1 | I17: 0 | J17: =+'1.03'!J17 -> 20 | K17: =+'1.03'!K17 -> 1.2 | L17: 0.15 | M17: =+'1.01'!M17 -> 0 | N17: =+J17*K17*L17 -> 3.6
H18: =+'1.03'!H18 -> Tramo 2 | J18: =+'1.03'!J18 -> 20 | K18: =+'1.03'!K18 -> 1.2 | L18: 0.15 | M18: =+'1.01'!M18 -> 0 | N18: =+J18*K18*L18 -> 3.6
H19: =+'1.03'!H19 -> Tramo 3 | J19: =+'1.03'!J19 -> 20 | K19: =+'1.03'!K19 -> 1.2 | L19: 0.15 | M19: =+'1.01'!M19 -> 0 | N19: =+J19*K19*L19 -> 3.6
H20: =+'1.03'!H20 -> Tramo 4 | J20: =+'1.03'!J20 -> 17.7 | K20: =+'1.03'!K20 -> 1.2 | L20: 0.15 | M20: =+'1.01'!M20 -> 0 | N20: =+J20*K20*L20 -> 3.186
H33: TOTAL PRESENTE ACTA | N33: =ROUND(SUM(N17:N32),2) -> 13.99
I34: EJECUTADO ACTA 1 | N34: 0
I35: EJECUTADO ACTA 2 | N35: 0
I36: EJECUTADO PRESENTE ACTA | N36: =+ROUND(N33-N34-N35,2) -> 13.99
B37: Calculó: | F37: =+INFORMACION!C6 -> Vo.Bo. Secretario de Planeación e Infraestructura | K37: =+INFORMACION!C7 -> Vo.Bo. Supervisión
B38: =+INFORMACION!C5 -> 0
B39: Otanche - Boyacá

Sheet 2.02
B2: MEMORIAS DE CALCULO DE CANTIDADES
D4: MEMORIAS DE CALCULO CANTIDADES | H4: PROYECTO:
H6: OBJETO: | I6: =+INFORMACION!C4 -> PAVIMENTACION DE LA CALLE 6 ENTRE CARRERAS 9 Y 10 INCLUYE LA CONSTRUCCION DE REDES DE ALCANTARILLADO
B8: ENTIDAD: | D8: ALCALDÍA MUNICIPAL DE OTANCHE - BOYACÁ | H8: CONTRATISTA: | M8: INTERVENTOR: | N8: FECHA:
H9: =+INFORMACION!C8 -> N/A | M9: =+INFORMACION!C9 -> N/A | N9: =+INFORMACION!C10 -> 45825
B10: CAPITULO: | D10: =+'PRESUPUESTO OFICIAL (Entidad)'!C22 -> 2. CONSTRUCCION REDES DE ALCANTARILLADO | N10: Hoja Nov. de 1
B11: ITEM DE PAGO: | D11: =+'PRESUPUESTO OFICIAL (Entidad)'!#REF! -> #REF!
B13: ITEM | C13: UND | D13: DESCRIPCION | I13: UBICACIÓN | L13: =+INFORMACION!C11 -> CALLE 6 ENTRE CR 10 Y 9
B14: 2.2 | C14: =+VLOOKUP(B14,'PRESUPUESTO OFICIAL (Entidad)'!C12:K44,6,FALSE) -> #N/A | D14: =+VLOOKUP(B14,'PRESUPUESTO OFICIAL (Entidad)'!C12:K44,5,FALSE) -> #N/A
H15: Localización | I15: Dimensiones | M15: CANT | N15: Total
I16: No. Elem. | J16: Largo | K16: Ancho | L16: Alto
H17: =+'2.01'!H17 -> Tramo 1 | I17: 1 | J17: =+'2.01'!J17 -> 20 | K17: =+'2.01'!K17 -> 1.2 | L17: =1.6-0.25-0.15-0.15 -> 1.05 | M17: =+'1.01'!M17 -> 0 | N17: =+I17*J17*K17*L17 -> 25.2
H18: =+'2.01'!H18 -> Tramo 2 | I18: 1 | J18: =+'2.01'!J18 -> 20 | K18: =+'2.01'!K18 -> 1.2 | L18: =1.6-0.25-0.15-0.15 -> 1.05 | M18: =+'1.01'!M18 -> 0 | N18: =+I18*J18*K18*L18 -> 25.2
H19: =+'2.01'!H19 -> Tramo 3 | I19: 1 | J19: =+'2.01'!J19 -> 20 | K19: =+'2.01'!K19 -> 1.2 | L19: =1.6-0.25-0.15-0.15 -> 1.05 | M19: =+'1.01'!M19 -> 0 | N19: =+I19*J19*K19*L19 -> 25.2
H20: =+'2.01'!H20 -> Tramo 4 | I20: 1 | J20: =+'2.01'!J20 -> 17.7 | K20: =+'2.01'!K20 -> 1.2 | L20: =1.6-0.25-0.15-0.15 -> 1.05 | M20: =+'1.01'!M20 -> 0 | N20: =+I20*J20*K20*L20 -> 22.302
H33: TOTAL PRESENTE ACTA | N33: =ROUND(SUM(N17:N32),2) -> 97.9 | Q33: 8
I34: EJECUTADO ACTA 1 | N34: 0
I35: EJECUTADO ACTA 2 | N35: 0
I36: EJECUTADO PRESENTE ACTA | N36: =+ROUND(N33-N34-N35,2) -> 97.9
B37: Calculó: | F37: =+INFORMACION!C6 -> Vo.Bo. Secretario de Planeación e Infraestructura | K37: =+INFORMACION!C7 -> Vo.Bo. Supervisión
B38: =+INFORMACION!C5 -> 0
B39: Otanche - Boyacá

Sheet 2.03
B2: MEMORIAS DE CALCULO DE CANTIDADES
D4: MEMORIAS DE CALCULO CANTIDADES | H4: PROYECTO:
H6: OBJETO: | I6: =+INFORMACION!C4 -> PAVIMENTACION DE LA CALLE 6 ENTRE CARRERAS 9 Y 10 INCLUYE LA CONSTRUCCION DE REDES DE ALCANTARILLADO
B8: ENTIDAD: | D8: ALCALDÍA MUNICIPAL DE OTANCHE - BOYACÁ | H8: CONTRATISTA: | M8: INTERVENTOR: | N8: FECHA:
H9: =+INFORMACION!C8 -> N/A | M9: =+INFORMACION!C9 -> N/A | N9: =+INFORMACION!C10 -> 45825
B10: CAPITULO: | D10: =+'PRESUPUESTO OFICIAL (Entidad)'!C22 -> 2. CONSTRUCCION REDES DE ALCANTARILLADO | N10: Hoja Nov. de 1
B11: ITEM DE PAGO: | D11: =+'PRESUPUESTO OFICIAL (Entidad)'!#REF! -> #REF!
B13: ITEM | C13: UND | D13: DESCRIPCION | I13: UBICACIÓN | L13: =+INFORMACION!C11 -> CALLE 6 ENTRE CR 10 Y 9
B14: 2.3 | C14: =+VLOOKUP(B14,'PRESUPUESTO OFICIAL (Entidad)'!C12:K44,6,FALSE) -> #N/A | D14: =+VLOOKUP(B14,'PRESUPUESTO OFICIAL (Entidad)'!C12:K44,5,FALSE) -> #N/A
H15: Localización | I15: Dimensiones | M15: CANT | N15: Total
I16: No. Elem. | J16: Largo | K16: Ancho | L16: Alto
H17: Tuberia | I17: 0 | J17: =80-4.8 -> 75.2 | M17: =+'1.01'!M17 -> 0 | N17: =+J17 -> 75.2
H33: TOTAL PRESENTE ACTA | N33: =ROUND(SUM(N17:N32),2) -> 75.2 | Q33: 8
I34: EJECUTADO ACTA 1 | N34: 0
I35: EJECUTADO ACTA 2 | N35: 0
I36: EJECUTADO PRESENTE ACTA | N36: =+ROUND(N33-N34-N35,2) -> 75.2
B37: Calculó: | F37: =+INFORMACION!C6 -> Vo.Bo. Secretario de Planeación e Infraestructura | K37: =+INFORMACION!C7 -> Vo.Bo. Supervisión
B38: =+INFORMACION!C5 -> 0
B39: Otanche - Boyacá

Sheet 2.04
B2: MEMORIAS DE CALCULO DE CANTIDADES
D4: MEMORIAS DE CALCULO CANTIDADES | H4: PROYECTO:
H6: OBJETO: | I6: =+INFORMACION!C4 -> PAVIMENTACION DE LA CALLE 6 ENTRE CARRERAS 9 Y 10 INCLUYE LA CONSTRUCCION DE REDES DE ALCANTARILLADO
B8: ENTIDAD: | D8: ALCALDÍA MUNICIPAL DE OTANCHE - BOYACÁ | H8: CONTRATISTA: | M8: INTERVENTOR: | N8: FECHA:
H9: =+INFORMACION!C8 -> N/A | M9: =+INFORMACION!C9 -> N/A | N9: =+INFORMACION!C10 -> 45825
B10: CAPITULO: | D10: =+'PRESUPUESTO OFICIAL (Entidad)'!C22 -> 2. CONSTRUCCION REDES DE ALCANTARILLADO | N10: Hoja Nov. de 1
B11: ITEM DE PAGO: | D11: =+'PRESUPUESTO OFICIAL (Entidad)'!#REF! -> #REF!
B13: ITEM | C13: UND | D13: DESCRIPCION | I13: UBICACIÓN | L13: =+INFORMACION!C11 -> CALLE 6 ENTRE CR 10 Y 9
B14: 2.3 | C14: =+VLOOKUP(B14,'PRESUPUESTO OFICIAL (Entidad)'!C12:K44,6,FALSE) -> #N/A | D14: =+VLOOKUP(B14,'PRESUPUESTO OFICIAL (Entidad)'!C12:K44,5,FALSE) -> #N/A
H15: Localización | I15: Dimensiones | M15: CANT | N15: Total
I16: No. Elem. | J16: Largo | K16: Ancho | L16: Alto
H17: pozo 1 | I17: 1 | J17: 1.2 | K17: 1.2 | M17: =+'1.01'!M17 -> 0 | N17: =+I17*J17*K17 -> 1.44
H18: pozo 2 | I18: 1 | J18: 1.2 | K18: 1.2 | N18: =+I18*J18*K18 -> 1.44
H19: pozo 3 | I19: 1 | J19: 1.2 | K19: 1.2 | N19: =+I19*J19*K19 -> 1.44
H20: pozo 4 | I20: 1 | J20: 1.2 | K20: 1.2 | N20: =+I20*J20*K20 -> 1.44
H33: TOTAL PRESENTE ACTA | N33: =ROUND(SUM(N17:N32),2) -> 5.76 | Q33: 8
I34: EJECUTADO ACTA 1 | N34: 0
I35: EJECUTADO ACTA 2 | N35: 0
I36: EJECUTADO PRESENTE ACTA | N36: =+ROUND(N33-N34-N35,2) -> 5.76
B37: Calculó: | F37: =+INFORMACION!C6 -> Vo.Bo. Secretario de Planeación e Infraestructura | K37: =+INFORMACION!C7 -> Vo.Bo. Supervisión
B38: =+INFORMACION!C5 -> 0
B39: Otanche - Boyacá

Sheet 2.05
B2: MEMORIAS DE CALCULO DE CANTIDADES
D4: MEMORIAS DE CALCULO CANTIDADES | H4: PROYECTO:
H6: OBJETO: | I6: =+INFORMACION!C4 -> PAVIMENTACION DE LA CALLE 6 ENTRE CARRERAS 9 Y 10 INCLUYE LA CONSTRUCCION DE REDES DE ALCANTARILLADO
B8: ENTIDAD: | D8: ALCALDÍA MUNICIPAL DE OTANCHE - BOYACÁ | H8: CONTRATISTA: | M8: INTERVENTOR: | N8: FECHA:
H9: =+INFORMACION!C8 -> N/A | M9: =+INFORMACION!C9 -> N/A | N9: =+INFORMACION!C10 -> 45825
B10: CAPITULO: | D10: =+'PRESUPUESTO OFICIAL (Entidad)'!C22 -> 2. CONSTRUCCION REDES DE ALCANTARILLADO | N10: Hoja Nov. de 1
B11: ITEM DE PAGO: | D11: =+'PRESUPUESTO OFICIAL (Entidad)'!#REF! -> #REF!
B13: ITEM | C13: UND | D13: DESCRIPCION | I13: UBICACIÓN | L13: =+INFORMACION!C11 -> CALLE 6 ENTRE CR 10 Y 9
B14: 2.3 | C14: =+VLOOKUP(B14,'PRESUPUESTO OFICIAL (Entidad)'!C12:K44,6,FALSE) -> #N/A | D14: =+VLOOKUP(B14,'PRESUPUESTO OFICIAL (Entidad)'!C12:K44,5,FALSE) -> #N/A
H15: Localización | I15: Dimensiones | M15: CANT | N15: Total
I16: No. Elem. | J16: Largo | K16: Ancho | L16: Alto
H17: caja vivienda | I17: 15 | M17: =+'1.01'!M17 -> 0 | N17: =+I17 -> 15
H33: TOTAL PRESENTE ACTA | N33: =ROUND(SUM(N17:N32),2) -> 15 | Q33: 8
I34: EJECUTADO ACTA 1 | N34: 0
I35: EJECUTADO ACTA 2 | N35: 0
I36: EJECUTADO PRESENTE ACTA | N36: =+ROUND(N33-N34-N35,2) -> 15
B37: Calculó: | F37: =+INFORMACION!C6 -> Vo.Bo. Secretario de Planeación e Infraestructura | K37: =+INFORMACION!C7 -> Vo.Bo. Supervisión
B38: =+INFORMACION!C5 -> 0
B39: Otanche - Boyacá

Sheet 2.06
B2: MEMORIAS DE CALCULO DE CANTIDADES
D4: MEMORIAS DE CALCULO CANTIDADES | H4: PROYECTO:
H6: OBJETO: | I6: =+INFORMACION!C4 -> PAVIMENTACION DE LA CALLE 6 ENTRE CARRERAS 9 Y 10 INCLUYE LA CONSTRUCCION DE REDES DE ALCANTARILLADO
B8: ENTIDAD: | D8: ALCALDÍA MUNICIPAL DE OTANCHE - BOYACÁ | H8: CONTRATISTA: | M8: INTERVENTOR: | N8: FECHA:
H9: =+INFORMACION!C8 -> N/A | M9: =+INFORMACION!C9 -> N/A | N9: =+INFORMACION!C10 -> 45825
B10: CAPITULO: | D10: =+'PRESUPUESTO OFICIAL (Entidad)'!C22 -> 2. CONSTRUCCION REDES DE ALCANTARILLADO | N10: Hoja Nov. de 1
B11: ITEM DE PAGO: | D11: =+'PRESUPUESTO OFICIAL (Entidad)'!#REF! -> #REF!
B13: ITEM | C13: UND | D13: DESCRIPCION | I13: UBICACIÓN | L13: =+INFORMACION!C11 -> CALLE 6 ENTRE CR 10 Y 9
B14: 2.3 | C14: =+VLOOKUP(B14,'PRESUPUESTO OFICIAL (Entidad)'!C12:K44,6,FALSE) -> #N/A | D14: =+VLOOKUP(B14,'PRESUPUESTO OFICIAL (Entidad)'!C12:K44,5,FALSE) -> #N/A
H15: Localización | I15: Dimensiones | M15: CANT | N15: Total
I16: No. Elem. | J16: Largo | K16: Ancho | L16: Alto
H17: Domiciliarias vivienda | I17: 15 | M17: =+'1.01'!M17 -> 0 | N17: =+I17 -> 15
H33: TOTAL PRESENTE ACTA | N33: =ROUND(SUM(N17:N32),2) -> 15 | Q33: 8
I34: EJECUTADO ACTA 1 | N34: 0
I35: EJECUTADO ACTA 2 | N35: 0
I36: EJECUTADO PRESENTE ACTA | N36: =+ROUND(N33-N34-N35,2) -> 15
B37: Calculó: | F37: =+INFORMACION!C6 -> Vo.Bo. Secretario de Planeación e Infraestructura | K37: =+INFORMACION!C7 -> Vo.Bo. Supervisión
B38: =+INFORMACION!C5 -> 0
B39: Otanche - Boyacá

Sheet 2.07
B2: MEMORIAS DE CALCULO DE CANTIDADES
D4: MEMORIAS DE CALCULO CANTIDADES | H4: PROYECTO:
H6: OBJETO: | I6: =+INFORMACION!C4 -> PAVIMENTACION DE LA CALLE 6 ENTRE CARRERAS 9 Y 10 INCLUYE LA CONSTRUCCION DE REDES DE ALCANTARILLADO
B8: ENTIDAD: | D8: ALCALDÍA MUNICIPAL DE OTANCHE - BOYACÁ | H8: CONTRATISTA: | M8: INTERVENTOR: | N8: FECHA:
H9: =+INFORMACION!C8 -> N/A | M9: =+INFORMACION!C9 -> N/A | N9: =+INFORMACION!C10 -> 45825
B10: CAPITULO: | D10: =+'PRESUPUESTO OFICIAL (Entidad)'!C22 -> 2. CONSTRUCCION REDES DE ALCANTARILLADO | N10: Hoja Nov. de 1
B11: ITEM DE PAGO: | D11: =+'PRESUPUESTO OFICIAL (Entidad)'!#REF! -> #REF!
B13: ITEM | C13: UND | D13: DESCRIPCION | I13: UBICACIÓN | L13: =+INFORMACION!C11 -> CALLE 6 ENTRE CR 10 Y 9
B14: 2.3 | C14: =+VLOOKUP(B14,'PRESUPUESTO OFICIAL (Entidad)'!C12:K44,6,FALSE) -> #N/A | D14: =+VLOOKUP(B14,'PRESUPUESTO OFICIAL (Entidad)'!C12:K44,5,FALSE) -> #N/A
H15: Localización | I15: Dimensiones | M15: CANT | N15: Total
I16: No. Elem. | J16: Largo | K16: Ancho | L16: Alto
H17: pozos | I17: 4 | M17: =+'1.01'!M17 -> 0 | N17: =+I17 -> 4
H33: TOTAL PRESENTE ACTA | N33: =ROUND(SUM(N17:N32),2) -> 4 | Q33: 8
I34: EJECUTADO ACTA 1 | N34: 0
I35: EJECUTADO ACTA 2 | N35: 0
I36: EJECUTADO PRESENTE ACTA | N36: =+ROUND(N33-N34-N35,2) -> 4
B37: Calculó: | F37: =+INFORMACION!C6 -> Vo.Bo. Secretario de Planeación e Infraestructura | K37: =+INFORMACION!C7 -> Vo.Bo. Supervisión
B38: =+INFORMACION!C5 -> 0
B39: Otanche - Boyacá

Sheet 2.08
B2: MEMORIAS DE CALCULO DE CANTIDADES
D4: MEMORIAS DE CALCULO CANTIDADES | H4: PROYECTO:
H6: OBJETO: | I6: =+INFORMACION!C4 -> PAVIMENTACION DE LA CALLE 6 ENTRE CARRERAS 9 Y 10 INCLUYE LA CONSTRUCCION DE REDES DE ALCANTARILLADO
B8: ENTIDAD: | D8: ALCALDÍA MUNICIPAL DE OTANCHE - BOYACÁ | H8: CONTRATISTA: | M8: INTERVENTOR: | N8: FECHA:
H9: =+INFORMACION!C8 -> N/A | M9: =+INFORMACION!C9 -> N/A | N9: =+INFORMACION!C10 -> 45825
B10: CAPITULO: | D10: =+'PRESUPUESTO OFICIAL (Entidad)'!C22 -> 2. CONSTRUCCION REDES DE ALCANTARILLADO | N10: Hoja Nov. de 1
B11: ITEM DE PAGO: | D11: =+'PRESUPUESTO OFICIAL (Entidad)'!#REF! -> #REF!
B13: ITEM | C13: UND | D13: DESCRIPCION | I13: UBICACIÓN | L13: =+INFORMACION!C11 -> CALLE 6 ENTRE CR 10 Y 9
B14: 2.3 | C14: =+VLOOKUP(B14,'PRESUPUESTO OFICIAL (Entidad)'!C12:K44,6,FALSE) -> #N/A | D14: =+VLOOKUP(B14,'PRESUPUESTO OFICIAL (Entidad)'!C12:K44,5,FALSE) -> #N/A
H15: Localización | I15: Dimensiones | M15: CANT | N15: Total
I16: No. Elem. | J16: Largo | K16: Ancho | L16: Alto
H17: aro pozos | I17: =+'2.07'!I17 -> 4 | M17: =+'1.01'!M17 -> 0 | N17: =+I17 -> 4
H33: TOTAL PRESENTE ACTA | N33: =ROUND(SUM(N17:N32),2) -> 4 | Q33: 8
I34: EJECUTADO ACTA 1 | N34: 0
I35: EJECUTADO ACTA 2 | N35: 0
I36: EJECUTADO PRESENTE ACTA | N36: =+ROUND(N33-N34-N35,2) -> 4
B37: Calculó: | F37: =+INFORMACION!C6 -> Vo.Bo. Secretario de Planeación e Infraestructura | K37: =+INFORMACION!C7 -> Vo.Bo. Supervisión
B38: =+INFORMACION!C5 -> 0
B39: Otanche - Boyacá

Sheet 2.09
B2: MEMORIAS DE CALCULO DE CANTIDADES
D4: MEMORIAS DE CALCULO CANTIDADES | H4: PROYECTO:
H6: OBJETO: | I6: =+INFORMACION!C4 -> PAVIMENTACION DE LA CALLE 6 ENTRE CARRERAS 9 Y 10 INCLUYE LA CONSTRUCCION DE REDES DE ALCANTARILLADO
B8: ENTIDAD: | D8: ALCALDÍA MUNICIPAL DE OTANCHE - BOYACÁ | H8: CONTRATISTA: | M8: INTERVENTOR: | N8: FECHA:
H9: =+INFORMACION!C8 -> N/A | M9: =+INFORMACION!C9 -> N/A | N9: =+INFORMACION!C10 -> 45825
B10: CAPITULO: | D10: =+'PRESUPUESTO OFICIAL (Entidad)'!C22 -> 2. CONSTRUCCION REDES DE ALCANTARILLADO | N10: Hoja Nov. de 1
B11: ITEM DE PAGO: | D11: =+'PRESUPUESTO OFICIAL (Entidad)'!#REF! -> #REF!
B13: ITEM | C13: UND | D13: DESCRIPCION | I13: UBICACIÓN | L13: =+INFORMACION!C11 -> CALLE 6 ENTRE CR 10 Y 9
B14: 2.3 | C14: =+VLOOKUP(B14,'PRESUPUESTO OFICIAL (Entidad)'!C12:K44,6,FALSE) -> #N/A | D14: =+VLOOKUP(B14,'PRESUPUESTO OFICIAL (Entidad)'!C12:K44,5,FALSE) -> #N/A
H15: Localización | I15: Dimensiones | M15: CANT | N15: Total
I16: No. Elem. | J16: Largo | K16: Ancho | L16: Alto
H17: caja domiciliaria | I17: =+'2.05'!I17 -> 15 | J17: 0.8 | K17: 0.8 | L17: 0.1 | M17: =+'1.01'!M17 -> 0 | N17: =+I17*J17*K17*L17 -> 0.96
H33: TOTAL PRESENTE ACTA | N33: =ROUND(SUM(N17:N32),2) -> 0.96
I34: EJECUTADO ACTA 1 | N34: 0
I35: EJECUTADO ACTA 2 | N35: 0
I36: EJECUTADO PRESENTE ACTA | N36: =+ROUND(N33-N34-N35,2) -> 0.96
B37: Calculó: | F37: =+INFORMACION!C6 -> Vo.Bo. Secretario de Planeación e Infraestructura | K37: =+INFORMACION!C7 -> Vo.Bo. Supervisión
B38: =+INFORMACION!C5 -> 0
B39: Otanche - Boyacá

Sheet 2.1
B2: MEMORIAS DE CALCULO DE CANTIDADES
D4: MEMORIAS DE CALCULO CANTIDADES | H4: PROYECTO:
H6: OBJETO: | I6: =+INFORMACION!C4 -> PAVIMENTACION DE LA CALLE 6 ENTRE CARRERAS 9 Y 10 INCLUYE LA CONSTRUCCION DE REDES DE ALCANTARILLADO
B8: ENTIDAD: | D8: ALCALDÍA MUNICIPAL DE OTANCHE - BOYACÁ | H8: CONTRATISTA: | M8: INTERVENTOR: | N8: FECHA:
H9: =+INFORMACION!C8 -> N/A | M9: =+INFORMACION!C9 -> N/A | N9: =+INFORMACION!C10 -> 45825
B10: CAPITULO: | D10: =+'PRESUPUESTO OFICIAL (Entidad)'!C22 -> 2. CONSTRUCCION REDES DE ALCANTARILLADO | N10: Hoja Nov. de 1
B11: ITEM DE PAGO: | D11: =+'PRESUPUESTO OFICIAL (Entidad)'!#REF! -> #REF!
B13: ITEM | C13: UND | D13: DESCRIPCION | I13: UBICACIÓN | L13: =+INFORMACION!C11 -> CALLE 6 ENTRE CR 10 Y 9
B14: 2.3 | C14: =+VLOOKUP(B14,'PRESUPUESTO OFICIAL (Entidad)'!C12:K44,6,FALSE) -> #N/A | D14: =+VLOOKUP(B14,'PRESUPUESTO OFICIAL (Entidad)'!C12:K44,5,FALSE) -> #N/A
H15: Localización | I15: Dimensiones | M15: CANT | N15: Total
I16: No. Elem. | J16: Largo | K16: Ancho | L16: Alto
H17: aro pozos | I17: =+'2.07'!I17 -> 4 | M17: =+'1.01'!M17 -> 0 | N17: =+I17 -> 4
H33: TOTAL PRESENTE ACTA | N33: =ROUND(SUM(N17:N32),2) -> 4
I34: EJECUTADO ACTA 1 | N34: 0
I35: EJECUTADO ACTA 2 | N35: 0
I36: EJECUTADO PRESENTE ACTA | N36: =+ROUND(N33-N34-N35,2) -> 4
B37: Calculó: | F37: =+INFORMACION!C6 -> Vo.Bo. Secretario de Planeación e Infraestructura | K37: =+INFORMACION!C7 -> Vo.Bo. Supervisión
B38: =+INFORMACION!C5 -> 0
B39: Otanche - Boyacá

Sheet 3.01
B2: MEMORIAS DE CALCULO DE CANTIDADES
D4: MEMORIAS DE CALCULO CANTIDADES | H4: PROYECTO:
H6: OBJETO: | I6: =+INFORMACION!C4 -> PAVIMENTACION DE LA CALLE 6 ENTRE CARRERAS 9 Y 10 INCLUYE LA CONSTRUCCION DE REDES DE ALCANTARILLADO
B8: ENTIDAD: | D8: ALCALDÍA MUNICIPAL DE OTANCHE - BOYACÁ | H8: CONTRATISTA: | M8: INTERVENTOR: | N8: FECHA:
H9: =+INFORMACION!C8 -> N/A | M9: =+INFORMACION!C9 -> N/A | N9: =+INFORMACION!C10 -> 45825
B10: CAPITULO: | D10: =+'PRESUPUESTO OFICIAL (Entidad)'!C22 -> 2. CONSTRUCCION REDES DE ALCANTARILLADO | N10: Hoja Nov. de 1
B11: ITEM DE PAGO: | D11: =+'PRESUPUESTO OFICIAL (Entidad)'!D23 -> 4.01.04
B13: ITEM | C13: UND | D13: DESCRIPCION | I13: UBICACIÓN | L13: =+INFORMACION!C11 -> CALLE 6 ENTRE CR 10 Y 9
B14: 3.01 | C14: =+VLOOKUP(B14,'PRESUPUESTO OFICIAL (Entidad)'!C12:K44,6,FALSE) -> M3 | D14: =+VLOOKUP(B14,'PRESUPUESTO OFICIAL (Entidad)'!C12:K44,5,FALSE) -> SUMINISTRO, EXTENDIDA Y COMPACTACIÓN DE MATERIAL SELECCIÓNADO PARA SUBBASE GRANULAR (INCLUYE ACARREO LIBRE HASTA 5KM) (**)
H15: Localización | I15: Dimensiones | M15: CANT | N15: Total
I16: No. Elem. | J16: Largo | K16: Ancho | L16: Alto
H17: calle 6 | I17: 1 | J17: =+'1.01'!J17 -> 80 | K17: =+'1.02'!J17 -> 5.9237059 | L17: 0.15 | M17: =+'1.01'!M17 -> 0 | N17: =+I17*J17*K17*L17 -> 71.084471
H33: TOTAL PRESENTE ACTA | N33: =ROUND(SUM(N17:N32),2)*0.3 -> 21.324
B34: reutilizar la subbase y complementar para nivelar | I34: EJECUTADO ACTA 1 | N34: 0
I35: EJECUTADO ACTA 2 | N35: 0
I36: EJECUTADO PRESENTE ACTA | N36: =+ROUND(N33-N34-N35,2) -> 21.32
B37: Calculó: | F37: =+INFORMACION!C6 -> Vo.Bo. Secretario de Planeación e Infraestructura | K37: =+INFORMACION!C7 -> Vo.Bo. Supervisión
B38: =+INFORMACION!C5 -> 0
B39: Otanche - Boyacá

Sheet 3.02
B2: MEMORIAS DE CALCULO DE CANTIDADES
D4: MEMORIAS DE CALCULO CANTIDADES | H4: PROYECTO:
H6: OBJETO: | I6: =+INFORMACION!C4 -> PAVIMENTACION DE LA CALLE 6 ENTRE CARRERAS 9 Y 10 INCLUYE LA CONSTRUCCION DE REDES DE ALCANTARILLADO
B8: ENTIDAD: | D8: ALCALDÍA MUNICIPAL DE OTANCHE - BOYACÁ | H8: CONTRATISTA: | M8: INTERVENTOR: | N8: FECHA:
H9: =+INFORMACION!C8 -> N/A | M9: =+INFORMACION!C9 -> N/A | N9: =+INFORMACION!C10 -> 45825
B10: CAPITULO: | D10: =+'PRESUPUESTO OFICIAL (Entidad)'!C33 -> 3. PAVIMENTO | N10: Hoja Nov. de 1
B11: ITEM DE PAGO: | D11: =+'PRESUPUESTO OFICIAL (Entidad)'!#REF! -> #REF!
B13: ITEM | C13: UND | D13: DESCRIPCION | I13: UBICACIÓN | L13: =+INFORMACION!C11 -> CALLE 6 ENTRE CR 10 Y 9
B14: 3.02 | C14: =+VLOOKUP(B14,'PRESUPUESTO OFICIAL (Entidad)'!C12:K44,6,FALSE) -> M2 | D14: =+VLOOKUP(B14,'PRESUPUESTO OFICIAL (Entidad)'!C12:K44,5,FALSE) -> CONFIGURACION-NIVELACION TERRENO PARA VIAS
H15: Localización | I15: Dimensiones | M15: CANT | N15: Total
I16: No. Elem. | J16: Largo | K16: Ancho | L16: Alto
H17: CALLE 6 | I17: 0 | J17: =+'3.01'!J17 -> 80 | K17: =+'3.01'!K17 -> 5.9237059 | M17: =+'1.01'!M17 -> 0 | N17: =+J17*K17 -> 473.89647
H33: TOTAL PRESENTE ACTA | N33: =ROUND(SUM(N17:N32),2) -> 473.9 | Q33: 8
I34: EJECUTADO ACTA 1 | N34: 0
I35: EJECUTADO ACTA 2 | N35: 0
I36: EJECUTADO PRESENTE ACTA | N36: =+ROUND(N33-N34-N35,2) -> 473.9
B37: Calculó: | F37: =+INFORMACION!C6 -> Vo.Bo. Secretario de Planeación e Infraestructura | K37: =+INFORMACION!C7 -> Vo.Bo. Supervisión
B38: =+INFORMACION!C5 -> 0
B39: Otanche - Boyacá

Sheet 3.03
B2: MEMORIAS DE CALCULO DE CANTIDADES
D4: MEMORIAS DE CALCULO CANTIDADES | H4: PROYECTO:
H6: OBJETO: | I6: =+INFORMACION!C4 -> PAVIMENTACION DE LA CALLE 6 ENTRE CARRERAS 9 Y 10 INCLUYE LA CONSTRUCCION DE REDES DE ALCANTARILLADO
B8: ENTIDAD: | D8: ALCALDÍA MUNICIPAL DE OTANCHE - BOYACÁ | H8: CONTRATISTA: | M8: INTERVENTOR: | N8: FECHA:
H9: =+INFORMACION!C8 -> N/A | M9: =+INFORMACION!C9 -> N/A | N9: =+INFORMACION!C10 -> 45825
B10: CAPITULO: | D10: =+'PRESUPUESTO OFICIAL (Entidad)'!C33 -> 3. PAVIMENTO | N10: Hoja Nov. de 1
B11: ITEM DE PAGO: | D11: =+'PRESUPUESTO OFICIAL (Entidad)'!#REF! -> #REF!
B13: ITEM | C13: UND | D13: DESCRIPCION | I13: UBICACIÓN | L13: =+INFORMACION!C11 -> CALLE 6 ENTRE CR 10 Y 9
B14: 3.03 | C14: =+VLOOKUP(B14,'PRESUPUESTO OFICIAL (Entidad)'!C12:K44,6,FALSE) -> M2 | D14: =+VLOOKUP(B14,'PRESUPUESTO OFICIAL (Entidad)'!C12:K44,5,FALSE) -> SOLADO DE LIMPIEZA PARA RIOSTRAS DE PLACA HUELLA EN CONCRETO ESPESOR E = 0.03 M. 14MPa (2500PSI)
H15: Localización | I15: Dimensiones | M15: CANT | N15: Total
I16: No. Elem. | J16: Largo | K16: Ancho | L16: Alto
H17: PLACA | I17: 0 | J17: =+ROUND('3.02'!J17/3 + 1,0) -> 28 | K17: 0.2 | M17: =+'1.01'!M17 -> 0 | N17: =+J17*K17 -> 5.6
H33: TOTAL PRESENTE ACTA | N33: =ROUND(SUM(N17:N32),2) -> 5.6 | Q33: 8
I34: EJECUTADO ACTA 1 | N34: 0
I35: EJECUTADO ACTA 2 | N35: 0
I36: EJECUTADO PRESENTE ACTA | N36: =+ROUND(N33-N34-N35,2) -> 5.6
B37: Calculó: | F37: =+INFORMACION!C6 -> Vo.Bo. Secretario de Planeación e Infraestructura | K37: =+INFORMACION!C7 -> Vo.Bo. Supervisión
B38: =+INFORMACION!C5 -> 0
B39: Otanche - Boyacá

Sheet 3.04
B2: MEMORIAS DE CALCULO DE CANTIDADES
D4: MEMORIAS DE CALCULO CANTIDADES | H4: PROYECTO:
H6: OBJETO: | I6: =+INFORMACION!C4 -> PAVIMENTACION DE LA CALLE 6 ENTRE CARRERAS 9 Y 10 INCLUYE LA CONSTRUCCION DE REDES DE ALCANTARILLADO
B8: ENTIDAD: | D8: ALCALDÍA MUNICIPAL DE OTANCHE - BOYACÁ | H8: CONTRATISTA: | M8: INTERVENTOR: | N8: FECHA:
H9: =+INFORMACION!C8 -> N/A | M9: =+INFORMACION!C9 -> N/A | N9: =+INFORMACION!C10 -> 45825
B10: CAPITULO: | D10: =+'PRESUPUESTO OFICIAL (Entidad)'!C22 -> 2. CONSTRUCCION REDES DE ALCANTARILLADO | N10: Hoja Nov. de 1
B11: ITEM DE PAGO: | D11: =+'PRESUPUESTO OFICIAL (Entidad)'!#REF! -> #REF!
B13: ITEM | C13: UND | D13: DESCRIPCION | I13: UBICACIÓN | L13: =+INFORMACION!C11 -> CALLE 6 ENTRE CR 10 Y 9
B14: 3.04 | C14: =+VLOOKUP(B14,'PRESUPUESTO OFICIAL (Entidad)'!C12:K44,6,FALSE) -> M3 | D14: =+VLOOKUP(B14,'PRESUPUESTO OFICIAL (Entidad)'!C12:K44,5,FALSE) -> CUNETAS REVESTIDAS EN CONCRETO DE 21 MPA ( 3000 PSI) SIN REFUERZO (INCLUYE SELLO DE JUNTAS)
H15: Localización | I15: Dimensiones | M15: CANT | N15: Total
I16: No. Elem. | J16: Largo | K16: Ancho | L16: Alto
H17: CUNETAS | I17: 2 | J17: 80 | K17: 1 | L17: 0.15 | M17: =+'1.01'!M17 -> 0 | N17: =+I17*J17*K17*L17 -> 24
H33: TOTAL PRESENTE ACTA | N33: =ROUND(SUM(N17:N32),2) -> 24 | Q33: 8
I34: EJECUTADO ACTA 1 | N34: 0
I35: EJECUTADO ACTA 2 | N35: 0
I36: EJECUTADO PRESENTE ACTA | N36: =+ROUND(N33-N34-N35,2) -> 24
B37: Calculó: | F37: =+INFORMACION!C6 -> Vo.Bo. Secretario de Planeación e Infraestructura | K37: =+INFORMACION!C7 -> Vo.Bo. Supervisión
B38: =+INFORMACION!C5 -> 0
B39: Otanche - Boyacá

Sheet 3.05
B2: MEMORIAS DE CALCULO DE CANTIDADES
D4: MEMORIAS DE CALCULO CANTIDADES | H4: PROYECTO:
H6: OBJETO: | I6: =+INFORMACION!C4 -> PAVIMENTACION DE LA CALLE 6 ENTRE CARRERAS 9 Y 10 INCLUYE LA CONSTRUCCION DE REDES DE ALCANTARILLADO
B8: ENTIDAD: | D8: ALCALDÍA MUNICIPAL DE OTANCHE - BOYACÁ | H8: CONTRATISTA: | M8: INTERVENTOR: | N8: FECHA:
H9: =+INFORMACION!C8 -> N/A | M9: =+INFORMACION!C9 -> N/A | N9: =+INFORMACION!C10 -> 45825
B10: CAPITULO: | D10: =+'PRESUPUESTO OFICIAL (Entidad)'!C33 -> 3. PAVIMENTO | N10: Hoja Nov. de 1
B11: ITEM DE PAGO: | D11: =+'PRESUPUESTO OFICIAL (Entidad)'!C38 -> 3.05
B13: ITEM | C13: UND | D13: DESCRIPCION | I13: UBICACIÓN | L13: =+INFORMACION!C11 -> CALLE 6 ENTRE CR 10 Y 9
B14: 3.05 | C14: =+VLOOKUP(B14,'PRESUPUESTO OFICIAL (Entidad)'!C12:K44,6,FALSE) -> M2 | D14: =+VLOOKUP(B14,'PRESUPUESTO OFICIAL (Entidad)'!C12:K44,5,FALSE) -> CONCRETO ESTRIADO RAMPAS 17.5 MPa - (2500 PSI)
H15: Localización | I15: Dimensiones | M15: CANT | N15: Total
I16: No. Elem. | J16: Largo | K16: Ancho | L16: Alto
H17: PLACA | I17: 2 | J17: 10 | K17: =+'3.02'!K17 -> 5.9237059 | L17: 0.15 | M17: =+'1.01'!M17 -> 0 | N17: =+I17*J17*K17*L17 -> 17.771118
H18: DESCUENTO DE CUNETA | I18: -2 | J18: 10 | K18: 2 | L18: 0.15 | N18: =+I18*J18*K18*L18 -> -6
H33: TOTAL PRESENTE ACTA | N33: =ROUND(SUM(N17:N32),2) -> 11.77 | Q33: 8
I34: EJECUTADO ACTA 1 | N34: 0
I35: EJECUTADO ACTA 2 | N35: 0
I36: EJECUTADO PRESENTE ACTA | N36: =+ROUND(N33-N34-N35,2) -> 11.77
B37: Calculó: | F37: =+INFORMACION!C6 -> Vo.Bo. Secretario de Planeación e Infraestructura | K37: =+INFORMACION!C7 -> Vo.Bo. Supervisión
B38: =+INFORMACION!C5 -> 0
B39: Otanche - Boyacá

Sheet 3.06
B2: MEMORIAS DE CALCULO DE CANTIDADES
D4: MEMORIAS DE CALCULO CANTIDADES | H4: PROYECTO:
H6: OBJETO: | I6: =+INFORMACION!C4 -> PAVIMENTACION DE LA CALLE 6 ENTRE CARRERAS 9 Y 10 INCLUYE LA CONSTRUCCION DE REDES DE ALCANTARILLADO
B8: ENTIDAD: | D8: ALCALDÍA MUNICIPAL DE OTANCHE - BOYACÁ | H8: CONTRATISTA: | M8: INTERVENTOR: | N8: FECHA:
H9: =+INFORMACION!C8 -> N/A | M9: =+INFORMACION!C9 -> N/A | N9: =+INFORMACION!C10 -> 45825
B10: CAPITULO: | D10: =+'PRESUPUESTO OFICIAL (Entidad)'!C33 -> 3. PAVIMENTO | N10: Hoja Nov. de 1
B11: ITEM DE PAGO: | D11: =+'PRESUPUESTO OFICIAL (Entidad)'!#REF! -> #REF!
B13: ITEM | C13: UND | D13: DESCRIPCION | I13: UBICACIÓN | L13: =+INFORMACION!C11 -> CALLE 6 ENTRE CR 10 Y 9
B14: 3.06 | C14: =+VLOOKUP(B14,'PRESUPUESTO OFICIAL (Entidad)'!C12:K44,6,FALSE) -> M2 | D14: =+VLOOKUP(B14,'PRESUPUESTO OFICIAL (Entidad)'!C12:K44,5,FALSE) -> CONSTRUCCION DE ANDENES E=0.10 M., EN CONCRETO DE 17.5 MPa - (2500 PSI)
H15: Localización | I15: Dimensiones | M15: CANT | N15: Total
I16: No. Elem. | J16: Largo | K16: Ancho | L16: Alto
H17: CALLE 6 COSTADO DERECHO | J17: 7 | K17: 0.9 | M17: 1 | N17: =+J17*K17*M17 -> 6.3
J18: 6 | K18: 1.2 | M18: 2 | N18: =+J18*K18*M18 -> 14.4
H33: TOTAL PRESENTE ACTA | N33: =ROUND(SUM(N17:N32),2) -> 20.7 | Q33: 8
I34: EJECUTADO ACTA 1 | N34: 0
I35: EJECUTADO ACTA 2 | N35: 0
I36: EJECUTADO PRESENTE ACTA | N36: =+ROUND(N33-N34-N35,2) -> 20.7
B37: Calculó: | F37: =+INFORMACION!C6 -> Vo.Bo. Secretario de Planeación e Infraestructura | K37: =+INFORMACION!C7 -> Vo.Bo. Supervisión
B38: =+INFORMACION!C5 -> 0
B39: Otanche - Boyacá

Sheet 3.07
B2: MEMORIAS DE CALCULO DE CANTIDADES
D4: MEMORIAS DE CALCULO CANTIDADES | H4: PROYECTO:
H6: OBJETO: | I6: =+INFORMACION!C4 -> PAVIMENTACION DE LA CALLE 6 ENTRE CARRERAS 9 Y 10 INCLUYE LA CONSTRUCCION DE REDES DE ALCANTARILLADO
B8: ENTIDAD: | D8: ALCALDÍA MUNICIPAL DE OTANCHE - BOYACÁ | H8: CONTRATISTA: | M8: INTERVENTOR: | N8: FECHA:
H9: =+INFORMACION!C8 -> N/A | M9: =+INFORMACION!C9 -> N/A | N9: =+INFORMACION!C10 -> 45825
B10: CAPITULO: | D10: =+'PRESUPUESTO OFICIAL (Entidad)'!C33 -> 3. PAVIMENTO | N10: Hoja Nov. de 1
B11: ITEM DE PAGO: | D11: =+'PRESUPUESTO OFICIAL (Entidad)'!C35 -> 3.02
B13: ITEM | C13: UND | D13: DESCRIPCION | I13: UBICACIÓN | L13: =+INFORMACION!C11 -> CALLE 6 ENTRE CR 10 Y 9
B14: 3.07 | C14: =+VLOOKUP(B14,'PRESUPUESTO OFICIAL (Entidad)'!C12:K44,6,FALSE) -> ML | D14: =+VLOOKUP(B14,'PRESUPUESTO OFICIAL (Entidad)'!C12:K44,5,FALSE) -> CONSTRUCCIÓN DE BORDILLO DE 8 X 15 CM FUNDIDO EN CONCRETO DE 17.5 MPa. (NO INCLUYE REFUERZO).
H15: Localización | I15: Dimensiones | M15: CANT | N15: Total
I16: No. Elem. | J16: Largo | K16: Ancho | L16: Alto
H17: COSTADO DERECHO | I17: 0 | J17: 60 | M17: =+'1.01'!M17 -> 0 | N17: =+J17 -> 60
H33: TOTAL PRESENTE ACTA | N33: =ROUND(SUM(N17:N32),2) -> 60 | Q33: 8
I34: EJECUTADO ACTA 1 | N34: 0
I35: EJECUTADO ACTA 2 | N35: 0
I36: EJECUTADO PRESENTE ACTA | N36: =+ROUND(N33-N34-N35,2) -> 60
B37: Calculó: | F37: =+INFORMACION!C6 -> Vo.Bo. Secretario de Planeación e Infraestructura | K37: =+INFORMACION!C7 -> Vo.Bo. Supervisión
B38: =+INFORMACION!C5 -> 0
B39: Otanche - Boyacá

Sheet 3.08
B2: MEMORIAS DE CALCULO DE CANTIDADES
D4: MEMORIAS DE CALCULO CANTIDADES | H4: PROYECTO:
H6: OBJETO: | I6: =+INFORMACION!C4 -> PAVIMENTACION DE LA CALLE 6 ENTRE CARRERAS 9 Y 10 INCLUYE LA CONSTRUCCION DE REDES DE ALCANTARILLADO
B8: ENTIDAD: | D8: ALCALDÍA MUNICIPAL DE OTANCHE - BOYACÁ | H8: CONTRATISTA: | M8: INTERVENTOR: | N8: FECHA:
H9: =+INFORMACION!C8 -> N/A | M9: =+INFORMACION!C9 -> N/A | N9: =+INFORMACION!C10 -> 45825
B10: CAPITULO: | D10: =+'PRESUPUESTO OFICIAL (Entidad)'!C33 -> 3. PAVIMENTO | N10: Hoja Nov. de 1
B11: ITEM DE PAGO: | D11: =+'PRESUPUESTO OFICIAL (Entidad)'!#REF! -> #REF!
B13: ITEM | C13: UND | D13: DESCRIPCION | I13: UBICACIÓN | L13: =+INFORMACION!C11 -> CALLE 6 ENTRE CR 10 Y 9
B14: 3.08 | C14: =+VLOOKUP(B14,'PRESUPUESTO OFICIAL (Entidad)'!C12:K44,6,FALSE) -> M3 | D14: =+VLOOKUP(B14,'PRESUPUESTO OFICIAL (Entidad)'!C12:K44,5,FALSE) -> SUMINISTRO E INSTALACIÓN DE CONCRETO CICLOPEO DE 21 MPA (3000 PSI) , 60% RAJON PARA PLACA HUELLAS INCLUYE SELLO DE JUNTAS
H15: Localización | I15: Dimensiones | M15: CANT | N15: Total
I16: No. Elem. | J16: Largo | K16: Ancho | L16: Alto
H17: CONTRAHUELLA | J17: =+'3.04'!J17 -> 80 | K17: 1 | L17: 0.15 | M17: 2 | N17: =+J17*K17*M17*L17 -> 24
H33: TOTAL PRESENTE ACTA | N33: =ROUND(SUM(N17:N32),2) -> 24 | Q33: 8
I34: EJECUTADO ACTA 1 | N34: 0
I35: EJECUTADO ACTA 2 | N35: 0
I36: EJECUTADO PRESENTE ACTA | N36: =+ROUND(N33-N34-N35,2) -> 24
B37: Calculó: | F37: =+INFORMACION!C6 -> Vo.Bo. Secretario de Planeación e Infraestructura | K37: =+INFORMACION!C7 -> Vo.Bo. Supervisión
B38: =+INFORMACION!C5 -> 0
B39: Otanche - Boyacá

Sheet 3.09
B2: MEMORIAS DE CALCULO DE CANTIDADES
D4: MEMORIAS DE CALCULO CANTIDADES | H4: PROYECTO:
H6: OBJETO: | I6: =+INFORMACION!C4 -> PAVIMENTACION DE LA CALLE 6 ENTRE CARRERAS 9 Y 10 INCLUYE LA CONSTRUCCION DE REDES DE ALCANTARILLADO
B8: ENTIDAD: | D8: ALCALDÍA MUNICIPAL DE OTANCHE - BOYACÁ | H8: CONTRATISTA: | M8: INTERVENTOR: | N8: FECHA:
H9: =+INFORMACION!C8 -> N/A | M9: =+INFORMACION!C9 -> N/A | N9: =+INFORMACION!C10 -> 45825
B10: CAPITULO: | D10: =+'PRESUPUESTO OFICIAL (Entidad)'!C22 -> 2. CONSTRUCCION REDES DE ALCANTARILLADO | N10: Hoja Nov. de 1
B11: ITEM DE PAGO: | D11: =+'PRESUPUESTO OFICIAL (Entidad)'!#REF! -> #REF!
B13: ITEM | C13: UND | D13: DESCRIPCION | I13: UBICACIÓN | L13: =+INFORMACION!C11 -> CALLE 6 ENTRE CR 10 Y 9
B14: 3.09 | C14: =+VLOOKUP(B14,'PRESUPUESTO OFICIAL (Entidad)'!C12:K44,6,FALSE) -> M3 | D14: =+VLOOKUP(B14,'PRESUPUESTO OFICIAL (Entidad)'!C12:K44,5,FALSE) -> CONCRETO PARA PLACA HUELLA DE 21 MPa - (3000 PSI). (INCLUYE CORTE Y SELLO DE JUNTAS).
H15: Localización | I15: Dimensiones | M15: CANT | N15: Total
I16: No. Elem. | J16: Largo | K16: Ancho | L16: Alto
H17: HUELLA | I17: 0 | J17: 80 | K17: 1 | L17: 0.15 | M17: 2 | N17: =+J17*K17*L17*M17 -> 24
H33: TOTAL PRESENTE ACTA | N33: =ROUND(SUM(N17:N32),2) -> 24 | Q33: 8
I34: EJECUTADO ACTA 1 | N34: 0
I35: EJECUTADO ACTA 2 | N35: 0
I36: EJECUTADO PRESENTE ACTA | N36: =+ROUND(N33-N34-N35,2) -> 24
B37: Calculó: | F37: =+INFORMACION!C6 -> Vo.Bo. Secretario de Planeación e Infraestructura | K37: =+INFORMACION!C7 -> Vo.Bo. Supervisión
B38: =+INFORMACION!C5 -> 0
B39: Otanche - Boyacá

Sheet 3.1
B2: MEMORIAS DE CALCULO DE CANTIDADES
D4: MEMORIAS DE CALCULO CANTIDADES | H4: PROYECTO:
H6: OBJETO: | I6: =+INFORMACION!C4 -> PAVIMENTACION DE LA CALLE 6 ENTRE CARRERAS 9 Y 10 INCLUYE LA CONSTRUCCION DE REDES DE ALCANTARILLADO
B8: ENTIDAD: | D8: ALCALDÍA MUNICIPAL DE OTANCHE - BOYACÁ | H8: CONTRATISTA: | M8: INTERVENTOR: | N8: FECHA:
H9: =+INFORMACION!C8 -> N/A | M9: =+INFORMACION!C9 -> N/A | N9: =+INFORMACION!C10 -> 45825
B10: CAPITULO: | D10: =+'PRESUPUESTO OFICIAL (Entidad)'!C22 -> 2. CONSTRUCCION REDES DE ALCANTARILLADO | N10: Hoja Nov. de 1
B11: ITEM DE PAGO: | D11: =+'PRESUPUESTO OFICIAL (Entidad)'!#REF! -> #REF!
B13: ITEM | C13: UND | D13: DESCRIPCION | I13: UBICACIÓN | L13: =+INFORMACION!C11 -> CALLE 6 ENTRE CR 10 Y 9
B14: 2.3 | C14: =+VLOOKUP(B14,'PRESUPUESTO OFICIAL (Entidad)'!C12:K44,6,FALSE) -> #N/A | D14: =+VLOOKUP(B14,'PRESUPUESTO OFICIAL (Entidad)'!C12:K44,5,FALSE) -> #N/A
H15: Localización | I15: Dimensiones | M15: CANT | N15: Total
I16: No. Elem. | J16: Largo | K16: PESOS | L16: Alto
H17: ACERO HUELLAS | I17: 0 | M17: =+'1.01'!M17 -> 0 | N17: =+J17*K17*M17 -> 0
H18: LONGITUDINAL ·4 | I18: 2 | J18: 80 | K18: =+K29 -> 0.996 | M18: =0.9/0.15 -> 6 | N18: =+J18*K18*M18 -> 478.08
H19: TRANSVERSALES ·2 | I19: 2 | J19: =+J18*0.3 -> 24 | K19: =+K26 -> 0.996 | M19: 0.9 | N19: =+J19*K19*M19 -> 21.5136
H20: TRASLAPES | J20: =+(J18/6)*(0.6) -> 8 | K20: 6 | M20: 1 | N20: =+J20*K20*M20 -> 48
H21: ACERO CUNETAS | N21: =+J21*K21*M21 -> 0
H22: LONGITUDINAL ·4 | I22: 2 | J22: 80 | K22: =+K29 -> 0.996 | M22: =0.9/0.15 -> 6 | N22: =+J22*K22*M22*I22 -> 956.16
H23: TRANSVERSAL ·2 | I23: 2 | J23: =+J22*0.3 -> 24 | K23: =+K30 -> 0.395 | M23: 0.9 | N23: =+J23*K23*M23*I23 -> 17.064
H24: TRASLAPES | J24: =+(J22/6)*(0.6) -> 8 | K24: 6 | M24: 1 | N24: =+J24*K24*M24 -> 48
H25: RIOSTRAS | N25: =+J25*K25*M25 -> 0
H26: LONGITUDINALES | I26: 4 | J26: =+'3.05'!K17 -> 5.9237059 | K26: =+K29 -> 0.996 | M26: =+M27 -> 28 | N26: =+J26*K26*M26 -> 165.20031
H27: FLEJES | I27: =ROUND('3.05'!K17/0.15,0) -> 39 | J27: 1 | K27: =+K30 -> 0.395 | M27: =ROUND(26.6666666666667+1,0) -> 28 | N27: =+J27*K27*M27*I27 -> 431.34
H28: PLACAS DE APROXIMACION | N28: =+J28*K28*M28 -> 0
H29: LONGITUDINALES | I29: =+ROUND('1.05'!J17/0.15,0) -> 39 | J29: 5 | K29: 0.996 | M29: 2 | N29: =+J29*K29*M29*I29 -> 388.44
H30: TRANSVERSALES | I30: =ROUND(5/0.15,0) -> 33 | J30: 5 | K30: 0.395 | M30: 2 | N30: =+J30*K30*M30*I30 -> 130.35
N31: =+J31*K31*M31 -> 0
H34: TOTAL PRESENTE ACTA | N34: =ROUND(SUM(N17:N33),2) -> 2684.15 | Q34: 8
I35: EJECUTADO ACTA 1 | N35: 0
I36: EJECUTADO ACTA 2 | N36: 0
I37: EJECUTADO PRESENTE ACTA | N37: =+ROUND(N34-N35-N36,2) -> 2684.15
B38: Calculó: | F38: =+INFORMACION!C6 -> Vo.Bo. Secretario de Planeación e Infraestructura | K38: =+INFORMACION!C7 -> Vo.Bo. Supervisión
B39: =+INFORMACION!C5 -> 0
B40: Otanche - Boyacá

Sheet 3.11
B2: MEMORIAS DE CALCULO DE CANTIDADES
D4: MEMORIAS DE CALCULO CANTIDADES | H4: PROYECTO:
H6: OBJETO: | I6: =+INFORMACION!C4 -> PAVIMENTACION DE LA CALLE 6 ENTRE CARRERAS 9 Y 10 INCLUYE LA CONSTRUCCION DE REDES DE ALCANTARILLADO
B8: ENTIDAD: | D8: ALCALDÍA MUNICIPAL DE OTANCHE - BOYACÁ | H8: CONTRATISTA: | M8: INTERVENTOR: | N8: FECHA:
H9: =+INFORMACION!C8 -> N/A | M9: =+INFORMACION!C9 -> N/A | N9: =+INFORMACION!C10 -> 45825
B10: CAPITULO: | D10: =+'PRESUPUESTO OFICIAL (Entidad)'!C22 -> 2. CONSTRUCCION REDES DE ALCANTARILLADO | N10: Hoja Nov. de 1
B11: ITEM DE PAGO: | D11: =+'PRESUPUESTO OFICIAL (Entidad)'!#REF! -> #REF!
B13: ITEM | C13: UND | D13: DESCRIPCION | I13: UBICACIÓN | L13: =+INFORMACION!C11 -> CALLE 6 ENTRE CR 10 Y 9
B14: 2.3 | C14: =+VLOOKUP(B14,'PRESUPUESTO OFICIAL (Entidad)'!C12:K44,6,FALSE) -> #N/A | D14: =+VLOOKUP(B14,'PRESUPUESTO OFICIAL (Entidad)'!C12:K44,5,FALSE) -> #N/A
H15: Localización | I15: Dimensiones | M15: CANT | N15: Total
I16: No. Elem. | J16: Largo | K16: Ancho | L16: Alto
H17: RIOSTRAS | I17: 0 | J17: 11 | K17: 6 | M17: =+'1.01'!M17 -> 0 | N17: =+J17*K17*M17 -> 0
H33: TOTAL PRESENTE ACTA | N33: =ROUND(SUM(N17:N32),2) -> 0 | Q33: 8
I34: EJECUTADO ACTA 1 | N34: 0
I35: EJECUTADO ACTA 2 | N35: 0
I36: EJECUTADO PRESENTE ACTA | N36: =+ROUND(N33-N34-N35,2) -> 0
B37: Calculó: | F37: =+INFORMACION!C6 -> Vo.Bo. Secretario de Planeación e Infraestructura | K37: =+INFORMACION!C7 -> Vo.Bo. Supervisión
B38: =+INFORMACION!C5 -> 0
B39: Otanche - Boyacá

Sheet Hoja1
A1: ANCHO DE CALZADA
A2: 5.906 | B2: 0
A3: 5.957 | B3: 5
A4: 6.026 | B4: 10
A5: 5.974 | B5: 15
A6: 5.922 | B6: 20
A7: 6.115 | B7: 25
A8: 6.176 | B8: 30
A9: 6.085 | B9: 35
A10: 5.766 | B10: 40
A11: 5.897 | B11: 45
A12: 5.603 | B12: 50
A13: 5.975 | B13: 55
... A18: 7.968 | B18: 80
A19: =+AVERAGE(A2:A18) -> 5.9237059
